Workbook

Sheet Раздел 10-1
A1: 000000703
B2: ОТЧЕТ О СРЕДСТВАХ ЦЕЛЕВОГО ФИНАНСИРОВАНИЯ
B3: за 9 мес 2026 года
I4: КОДЫ
H5: Форма № 10-АПК
H6: Дата (число, месяц, год) | I6: 30 | J6: 09 | K6: 2026
B7: Организация (исполнительный орган субъекта) | H7: по ОКПО
B8: Идентификационный номер налогоплательщика | H8: ИНН
B9: Вид деятельности | H9: по ОКВЭД 2
B10: Организационно-правовая форма | H10: по ОКОПФ/ОКФС
B12: Адрес в пределах местонахождения | C12: Единица измерения по ОКЕИ: ТЫС. РУБ. - 384
B14: В отчет включены | C14: Код | D14: Количество (ед.)
B15: 1 | C15: 2 | D15: 3
B16: Организации, получившие господдержку (субсидии) в отчетном периоде | C16: 100000 | D16: =IF((IF((G22 * 1000)="-",0,(G22 * 1000))+IF((K22 * 1000)="-",0,(K22 * 1000))+IF((G56 * 1000)="-",0,(G56 * 1000))+IF((K56 * 1000)="-",0,(K56 * 1000)))=0,0,1)
B18: Раздел 10-1. СВОДНАЯ ИНФОРМАЦИЯ о полученных средствах государственной поддержки товаропроизводителями агропромышленного комплекса, получателями средств
B20: Наименование направления поддержки | C20: Коды | D20: Объем средств бюджета субъекта Российской Федерации (с учетом средств федерального бюджета) на отчетный год | E20: Из средств бюджета субъекта Российской Федерации (из графы 3): предусмотрено в рамках соглашений с Минсельхозом России | F20: Из графы 4: федеральный бюджет | G20: ВСЕГО перечислено получателю (без субсидий, полученных организациями АПК по соглашениям с органами местного самоуправления) (гр. 6 + гр. 7) | H20: Перечислено субсидий на условиях софинансирования из федерального бюджета | I20: Перечислено субсидий из регионального бюджета (без учета средств федерального бюджета) | J20: Остаток средств бюджета субъекта Российской Федерации (с учетом средств федерального бюджета) на отчетную дату | K20: СПРАВОЧНО: средства местных бюджетов, полученные организациями АПК по соглашениям получателя с органами местного самоуправления
B21: 1 | C21: 2 | D21: 3 | E21: 4 | F21: 4.1 | G21: 5 | H21: 6 | I21: 7 | J21: 8 | K21: 9
B22: ВСЕГО на поддержку товаропроизводителей агропромышленного комплекса (далее - АПК), получателей средств (стр. 101100 + 101200 + 101300 + 101400) | C22: 101000 | D22: 0 | E22: 0 | F22: 0 | G22: =IF(G23="-",0,G23)+IF(G53="-",0,G53)+IF(G54="-",0,G54)+IF(G55="-",0,G55) | H22: =IF(H23="-",0,H23)+IF(H53="-",0,H53)+IF(H54="-",0,H54)+IF(H55="-",0,H55) | I22: =IF(I23="-",0,I23)+IF(I53="-",0,I53)+IF(I54="-",0,I54)+IF(I55="-",0,I55) | J22: 0 | K22: =IF(K23="-",0,K23)+IF(K53="-",0,K53)+IF(K54="-",0,K54)
B23: 1. Развитие сельского хозяйства и регулирование рынков сельскохозяйственной продукции, сырья и продовольствия (стр. 101112 + 101113 + 101114+ 101120 + 101130 + 101140 + 101160 + 101170 + 101180 + 101190) | C23: 101100 | D23: 0 | E23: 0 | F23: 0 | G23: =IF(G24="-",0,G24)+IF(G27="-",0,G27)+IF(G30="-",0,G30)+IF(G33="-",0,G33)+IF(G37="-",0,G37)+IF(G41="-",0,G41)+IF(G45="-",0,G45)+IF(G46="-",0,G46)+IF(G49="-",0,G49)+IF(G50="-",0,G50) | H23: =IF(H24="-",0,H24)+IF(H27="-",0,H27)+IF(H30="-",0,H30)+IF(H33="-",0,H33)+IF(H37="-",0,H37)+IF(H41="-",0,H41)+IF(H45="-",0,H45)+IF(H46="-",0,H46)+IF(H49="-",0,H49)+IF(H50="-",0,H50) | I23: =IF(I27="-",0,I27)+IF(I30="-",0,I30)+IF(I33="-",0,I33)+IF(I37="-",0,I37)+IF(I41="-",0,I41)+IF(I46="-",0,I46)+IF(I50="-",0,I50) | J23: 0 | K23: =IF(K27="-",0,K27)+IF(K33="-",0,K33)+IF(K37="-",0,K37)+IF(K41="-",0,K41)+IF(K46="-",0,K46)+IF(K50="-",0,K50)
B24: Федеральный проект: «Производство критически важных ферментных препаратов, пищевых и кормовых добавок, технологических вспомогательных средств» (стр. 101112.1 + 101112.2) | C24: 101112 | D24: 0 | E24: 0 | F24: 0 | G24: =IF(G25="-",0,G25)+IF(G26="-",0,G26) | H24: =IF(H25="-",0,H25)+IF(H26="-",0,H26) | I24: Х | J24: 0 | K24: Х
B25: субсидии по возмещению части затрат организаций на проведение научно-исследовательских и опытно-конструкторских работ и (или) опытно-конструкторских работ в рамках реализации такими организациями инновационно-технологических проектов | C25: 101112.1 | D25: 0 | E25: 0 | F25: 0 | G25: =IF(H25="-",0,H25) | H25: =IF('Раздел 10-6'!D39="-",0,'Раздел 10-6'!D39) | I25: Х | J25: 0 | K25: Х
B26: субсидии на создание и (или) модернизацию объектов агропромышленного комплекса по производству критически важных препаратов, пищевых и кормовых добавок, технологических вспомогательных средств | C26: 101112.2 | D26: 0 | E26: 0 | F26: 0 | G26: =IF(H26="-",0,H26) | H26: =IF('Раздел 10-6'!D40="-",0,'Раздел 10-6'!D40) | I26: Х | J26: 0 | K26: Х
B27: Федеральный проект «Кадры в агропромышленном комплексе» (стр. 101113.1 + 101113.2) | C27: 101113 | D27: 0 | E27: 0 | F27: 0 | G27: =IF(G28="-",0,G28)+IF(G29="-",0,G29) | H27: =IF(H28="-",0,H28)+IF(H29="-",0,H29) | I27: =IF(I28="-",0,I28)+IF(I29="-",0,I29) | J27: 0 | K27: =IF(K28="-",0,K28)
B28: субсидии на реализацию мероприятий по содействию повышения кадровой обеспеченности предприятий АПК | C28: 101113.1 | D28: 0 | E28: 0 | F28: 0 | G28: =IF(H28="-",0,H28)+IF(I28="-",0,I28) | H28: =IF('Раздел 10-7'!D24="-",0,'Раздел 10-7'!D24) | I28: =IF('Раздел 10-7'!E24="-",0,'Раздел 10-7'!E24) | J28: 0 | K28: =IF('Раздел 10-7'!F24="-",0,'Раздел 10-7'!F24)
B29: субсидии на создание системы поддержки образовательных организаций, реализующих образовательные программы среднего профессионального образования для подготовки кадров агропромышленного комплекса (грант Агропрофи) | C29: 101113.2 | D29: 0 | E29: 0 | F29: 0 | G29: =IF(H29="-",0,H29)+IF(I29="-",0,I29) | H29: =IF('Раздел 10-7'!D25="-",0,'Раздел 10-7'!D25) | I29: =IF('Раздел 10-7'!E25="-",0,'Раздел 10-7'!E25) | J29: 0 | K29: Х
B30: Федеральный проект "Создание условий для научных разработок в селекции и генетике" (стр. 101114.1 + 101114.2) | C30: 101114 | D30: 0 | E30: 0 | F30: 0 | G30: =IF(G31="-",0,G31)+IF(G32="-",0,G32) | H30: =IF(H31="-",0,H31)+IF(H32="-",0,H32) | I30: =IF(I31="-",0,I31) | J30: 0 | K30: Х
B31: субсидии на возмещение части затрат,понесенных заказчиками комплексных научно-технических проектов в агропромышленном комплексе при их реализации | C31: 101114.1 | D31: 0 | E31: 0 | F31: 0 | G31: =IF(H31="-",0,H31)+IF(I31="-",0,I31) | H31: =IF('Раздел 10-7'!D26="-",0,'Раздел 10-7'!D26) | I31: =IF('Раздел 10-7'!E26="-",0,'Раздел 10-7'!E26) | J31: 0 | K31: Х
B32: субсидии по развитию геномной селекции в области племенного животноводства | C32: 101114.2 | D32: 0 | E32: 0 | F32: 0 | G32: =IF(H32="-",0,H32) | H32: =IF('Раздел 10-3'!I75="-",0,'Раздел 10-3'!I75) | I32: Х | J32: 0 | K32: Х
B33: Федеральный проект «Развитие отраслей и техническая модернизация агропромышленного комплекса» (стр. 101121 + 101122 +101125) | C33: 101120 | D33: 0 | E33: 0 | F33: 0 | G33: =IF(G34="-",0,G34)+IF(G35="-",0,G35)+IF(G36="-",0,G36) | H33: =IF(H34="-",0,H34)+IF(H35="-",0,H35)+IF(H36="-",0,H36) | I33: =IF(I34="-",0,I34) | J33: 0 | K33: =IF(K34="-",0,K34)
B34: Субсидии на поддержку приоритетных направлений АПК | C34: 101121 | D34: 0 | E34: 0 | F34: 0 | G34: =IF(H34="-",0,H34)+IF(I34="-",0,I34) | H34: =IF('Раздел 10-2'!D9="-",0,'Раздел 10-2'!D9)+IF('Раздел 10-3'!D9="-",0,'Раздел 10-3'!D9)+IF('Раздел 10-4'!D6="-",0,'Раздел 10-4'!D6) | I34: =IF('Раздел 10-2'!L9="-",0,'Раздел 10-2'!L9)+IF('Раздел 10-3'!J9="-",0,'Раздел 10-3'!J9) | J34: 0 | K34: =IF('Раздел 10-2'!M9="-",0,'Раздел 10-2'!M9)+IF('Раздел 10-3'!K9="-",0,'Раздел 10-3'!K9)
B35: Субсидии на финансовое обеспечение (возмещение) производителям зерновых культур части затрат на производство и реализацию зерновых культур | C35: 101122 | D35: 0 | E35: 0 | F35: 0 | G35: =IF(H35="-",0,H35) | H35: =IF('Раздел 10-2'!I69="-",0,'Раздел 10-2'!I69) | I35: Х | J35: 0 | K35: Х
B36: Субсидии на поддержку сельскохозяйственного производства по отдельным подотраслям растениеводства, животноводства и перерабатывающей промышленности (ДНР, ЛНР, Запорожская и Херсонская области) | C36: 101125 | D36: 0 | E36: 0 | F36: 0 | G36: =IF(H36="-",0,H36) | H36: =IF('Раздел 10-2'!K9="-",0,'Раздел 10-2'!K9)+IF('Раздел 10-3'!I10="-",0,'Раздел 10-3'!I10)+IF('Раздел 10-3'!I52="-",0,'Раздел 10-3'!I52)+IF('Раздел 10-4'!E6="-",0,'Раздел 10-4'!E6) | I36: Х | J36: 0 | K36: Х
B37: Федеральный проект «Экспорт продукции АПК» (стр. 101133 + 101134 + 101135) | C37: 101130 | D37: 0 | E37: 0 | F37: 0 | G37: =IF(G38="-",0,G38)+IF(G39="-",0,G39)+IF(G40="-",0,G40) | H37: =IF(H38="-",0,H38)+IF(H39="-",0,H39)+IF(H40="-",0,H40) | I37: =IF(I38="-",0,I38) | J37: 0 | K37: =IF(K38="-",0,K38)
B38: Субсидии на возмещение части прямых понесенных затрат на создание и модернизацию объектов АПК по переработке сельскохозяйственной продукции | C38: 101133 | D38: 0 | E38: 0 | F38: 0 | G38: =IF(H38="-",0,H38)+IF(I38="-",0,I38) | H38: =IF('Раздел 10-6'!D31="-",0,'Раздел 10-6'!D31) | I38: =IF('Раздел 10-6'!E31="-",0,'Раздел 10-6'!E31) | J38: 0 | K38: =IF('Раздел 10-6'!F31="-",0,'Раздел 10-6'!F31)
B39: Субсидии на транспортировку сельскохозяйственной продукции, полученные в рамках соглашения с Российским экспортным центром (средства, полученные от Минсельхоза России) | C39: 101134 | D39: 0 | E39: 0 | F39: 0 | G39: =IF(H39="-",0,H39) | H39: =IF('Раздел 10-7'!D28="-",0,'Раздел 10-7'!D28) | I39: Х | J39: 0 | K39: Х
B40: Субсидия на компенсацию части затрат, связанных с сертификацией продукции АПК на внешних рынках (средства, полученные от Минсельхоза России) | C40: 101135 | D40: 0 | E40: 0 | F40: 0 | G40: =IF(H40="-",0,H40) | H40: =IF('Раздел 10-7'!D29="-",0,'Раздел 10-7'!D29) | I40: Х | J40: 0 | K40: Х
B41: Федеральный проект «Стимулирование инвестиционной деятельности в агропромышленном комплексе» (стр. 101141 + 101142 + 101143) | C41: 101140 | D41: 0 | E41: 0 | F41: 0 | G41: =IF(G42="-",0,G42)+IF(G43="-",0,G43)+IF(G44="-",0,G44) | H41: =IF(H42="-",0,H42)+IF(H43="-",0,H43)+IF(H44="-",0,H44) | I41: =IF(I42="-",0,I42)+IF(I43="-",0,I43) | J41: 0 | K41: =IF(K42="-",0,K42)+IF(K43="-",0,K43)
B42: Субсидии на возмещение части затрат на уплату процентов по инвестиционным кредитам (займам) в АПК | C42: 101141 | D42: 0 | E42: 0 | F42: 0 | G42: =IF(H42="-",0,H42)+IF(I42="-",0,I42) | H42: =IF('Раздел 10-6'!D7="-",0,'Раздел 10-6'!D7) | I42: =IF('Раздел 10-6'!E7="-",0,'Раздел 10-6'!E7) | J42: 0 | K42: =IF('Раздел 10-6'!F7="-",0,'Раздел 10-6'!F7)
B43: Субсидии на возмещение части прямых понесенных затрат на создание и (или) мoдepнизацию объектов АПК, а также на приобретение и ввод в эксплуатацию маркировочного оборудования для внедрения обязательной маркировки отдельных видов молочной продукции | C43: 101142 | D43: 0 | E43: 0 | F43: 0 | G43: =IF(H43="-",0,H43)+IF(I43="-",0,I43) | H43: =IF('Раздел 10-6'!D13="-",0,'Раздел 10-6'!D13) | I43: =IF('Раздел 10-6'!E13="-",0,'Раздел 10-6'!E13) | J43: 0 | K43: =IF('Раздел 10-6'!F13="-",0,'Раздел 10-6'!F13)
B44: Субсидии на возмещение части прямых понесённых затрат на создание и (или) модернизацию тепличных комплексов для производства овощей в защищенном грунте и селекционно-семеноводческих центров в Дальневосточном федеральном округе | C44: 101143 | D44: 0 | E44: 0 | F44: 0 | G44: =IF(H44="-",0,H44) | H44: =IF('Раздел 10-6'!D36="-",0,'Раздел 10-6'!D36) | I44: Х | J44: 0 | K44: Х
B45: Федеральный проект «Стимулирование развития виноградарства и виноделия»: Субсидии на развитие виноградарства и виноделия | C45: 101160 | D45: 0 | E45: 0 | F45: 0 | G45: =IF(H45="-",0,H45) | H45: =IF('Раздел 10-2'!I37="-",0,'Раздел 10-2'!I37)+IF('Раздел 10-2'!I92="-",0,'Раздел 10-2'!I92) | I45: Х | J45: 0 | K45: Х
B46: Федеральный проект "Развитие малого агробизнеса" (стр. 101171 + 101172) | C46: 101170 | D46: 0 | E46: 0 | F46: 0 | G46: =IF(G47="-",0,G47)+IF(G48="-",0,G48) | H46: =IF(H47="-",0,H47)+IF(H48="-",0,H48) | I46: =IF(I47="-",0,I47)+IF(I48="-",0,I48) | J46: 0 | K46: =IF(K47="-",0,K47)+IF(K48="-",0,K48)
B47: Субсидии на поддержку приоритетных направлений малого агробизнеса | C47: 101171 | D47: 0 | E47: 0 | F47: 0 | G47: =IF(H47="-",0,H47)+IF(I47="-",0,I47) | H47: =IF('Раздел 10-5'!D7="-",0,'Раздел 10-5'!D7) | I47: =IF('Раздел 10-5'!E7="-",0,'Раздел 10-5'!E7) | J47: 0 | K47: =IF('Раздел 10-5'!F7="-",0,'Раздел 10-5'!F7)
B48: Субсидии на развитие сельского туризма | C48: 101172 | D48: 0 | E48: 0 | F48: 0 | G48: =IF(H48="-",0,H48)+IF(I48="-",0,I48) | H48: =IF('Раздел 10-5'!D22="-",0,'Раздел 10-5'!D22) | I48: =IF('Раздел 10-5'!E22="-",0,'Раздел 10-5'!E22) | J48: 0 | K48: =IF('Раздел 10-5'!F22="-",0,'Раздел 10-5'!F22)
B49: Федеральный проект «Развитие отраслей овощеводства и картофелеводства»: Субсидии на стимулирование увеличения производства картофеля и овощей | C49: 101180 | D49: 0 | E49: 0 | F49: 0 | G49: =IF(H49="-",0,H49) | H49: =IF('Раздел 10-2'!I24="-",0,'Раздел 10-2'!I24)+IF('Раздел 10-2'!I82="-",0,'Раздел 10-2'!I82)+IF('Раздел 10-2'!I98="-",0,'Раздел 10-2'!I98)+IF('Раздел 10-6'!D30="-",0,'Раздел 10-6'!D30) | I49: Х | J49: 0 | K49: Х
B50: Прочие субсидии (стр. 101191 + 101192): | C50: 101190 | D50: 0 | E50: 0 | F50: 0 | G50: =IF(G51="-",0,G51)+IF(G52="-",0,G52) | H50: =IF(H51="-",0,H51) | I50: =IF(I51="-",0,I51)+IF(I52="-",0,I52) | J50: 0 | K50: =IF(K51="-",0,K51)+IF(K52="-",0,K52)
B51: субсидии по чрезвычайным ситуациям | C51: 101191 | D51: 0 | E51: 0 | F51: 0 | G51: =IF(H51="-",0,H51)+IF(I51="-",0,I51) | H51: =IF('Раздел 10-7'!D10="-",0,'Раздел 10-7'!D10) | I51: =IF('Раздел 10-7'!E10="-",0,'Раздел 10-7'!E10) | J51: 0 | K51: =IF('Раздел 10-7'!F10="-",0,'Раздел 10-7'!F10)
B52: прочие субсидии, не включенные в другие группировки, предоставленные из регионального бюджета без софинансирования из федерального бюджета | C52: 101192 | D52: 0 | E52: Х | F52: Х | G52: =IF(I52="-",0,I52) | H52: Х | I52: =IF('Раздел 10-4'!F6="-",0,'Раздел 10-4'!F6)+IF('Раздел 10-6'!E41="-",0,'Раздел 10-6'!E41)+IF('Раздел 10-7'!E14="-",0,'Раздел 10-7'!E14) | J52: 0 | K52: =IF('Раздел 10-4'!G6="-",0,'Раздел 10-4'!G6)+IF('Раздел 10-6'!F41="-",0,'Раздел 10-6'!F41)+IF('Раздел 10-7'!F14="-",0,'Раздел 10-7'!F14)
B53: 2. Эффективное вовлечение в оборот земель сельскохозяйственного назначения и развитие мелиоративного комплекса Российской Федерации | C53: 101200 | D53: 0 | E53: 0 | F53: 0 | G53: =IF(H53="-",0,H53)+IF(I53="-",0,I53) | H53: =IF('Раздел 10-7'!D6="-",0,'Раздел 10-7'!D6) | I53: =IF('Раздел 10-7'!E6="-",0,'Раздел 10-7'!E6) | J53: 0 | K53: =IF('Раздел 10-7'!F6="-",0,'Раздел 10-7'!F6)
B54: 3. Комплексное развитие сельских территорий | C54: 101300 | D54: 0 | E54: 0 | F54: 0 | G54: =IF(H54="-",0,H54)+IF(I54="-",0,I54) | H54: =IF('Раздел 10-7'!D9="-",0,'Раздел 10-7'!D9) | I54: =IF('Раздел 10-7'!E9="-",0,'Раздел 10-7'!E9) | J54: 0 | K54: =IF('Раздел 10-7'!F9="-",0,'Раздел 10-7'!F9)
B55: 4. Средства, полученные в pамках иных Государственных программ, мероприятий, в том числе с софинансированием из федерального бюджета, выплаты из внебюджетных фондов | C55: 101400 | D55: Х | E55: Х | F55: Х | G55: =IF(H55="-",0,H55)+IF(I55="-",0,I55) | H55: =IF('Раздел 10-7'!D30="-",0,'Раздел 10-7'!D30) | I55: =IF('Раздел 10-7'!E30="-",0,'Раздел 10-7'!E30) | J55: Х | K55: Х
B56: СПРАВОЧНО: субсидии, предоставленные организации на территории других субъектов Российской Федерации | C56: 101940 | D56: Х | E56: Х | F56: Х | G56: =IF(H56="-",0,H56)+IF(I56="-",0,I56) | H56: =IF('Раздел 10-7'!D31="-",0,'Раздел 10-7'!D31) | I56: =IF('Раздел 10-7'!E31="-",0,'Раздел 10-7'!E31) | J56: Х | K56: =IF('Раздел 10-7'!F31="-",0,'Раздел 10-7'!F31)

Sheet Раздел 10-2
B2: Раздел 10-2. Государственная поддержка текущей деятельности в области растениеводства
B4: Наименование культуры/вида продукции | C4: Коды | D4: Перечислено субсидий на условиях софинансирования из федерального бюджета | L4: Перечислено субсидий из регионального бюджета без софинансирования из федерального бюджета | M4: СПРАВОЧНО: средства местных бюджетов, полученных организациями АПК по соглашениям получателя с муниципальными органами власти
D5: Субсидии на поддержку приоритетных направлений АПК в области растениеводства | I5: Субсидии по иным федеральным проектам, отдельным мероприятиям | J5: Наименование федерального проекта, мероприятия, указанное в графе 8 | K5: Субсидии на поддержку отдельных подотраслей растениеводства, животноводства и перерабатывающей промышленности (ДНР, ЛНР, Запорожская, Херсонская области)
D6: Перечислено - всего (гр. 4 + гр. 5 + гр. 7) | E6: в том числе:
E7: Поддержка элитного семеноводства (за исключением семян картофеля и овощных культур) | F7: Агротехнологические работы, приобретение семян кормовых культур для районов Крайнего Севера, посадочный материал, закладка и уход за многолетними насаждениями (кроме виноградниов), включая питомники, льноволокно, пеньковолокно | G7: Мероприятия, указанные в графе 5 | H7: На возмещение части затрат на уплату страховых премий, начисленных по договорам сельскохозяйственного страхования
B8: 1 | C8: 2 | D8: 3 | E8: 4 | F8: 5 | G8: 6 | H8: 7 | I8: 8 | J8: 9 | K8: 10 | L8: 11 | M8: 12
B9: Программы и мероприятия в области растениеводства, всего (стр. 102100 + 102200 + 102300 + 102400) | C9: 102000 | D9: =IF(D10="-",0,D10)+IF(D68="-",0,D68)+IF(D101="-",0,D101) | E9: =IF(E10="-",0,E10)+IF(E101="-",0,E101) | F9: =IF(F10="-",0,F10)+IF(F68="-",0,F68) | H9: =IF(H10="-",0,H10) | I9: =IF(I10="-",0,I10)+IF(I68="-",0,I68)+IF(I98="-",0,I98) | K9: =IF(K10="-",0,K10)+IF(K68="-",0,K68) | L9: =IF(L10="-",0,L10)+IF(L68="-",0,L68)+IF(L98="-",0,L98) | M9: =IF(M10="-",0,M10)+IF(M68="-",0,M68)+IF(M98="-",0,M98)
B10: 1. Распределено на площади сельскохозяйственных культур: (стр. 102110 + 102120 + 102130 + 102140 + 102150 + 102160 + 102161 + 102170 + 102180 + 102191) | C10: 102100 | D10: =IF(D11="-",0,D11)+IF(D18="-",0,D18)+IF(D19="-",0,D19)+IF(D24="-",0,D24)+IF(D31="-",0,D31)+IF(D35="-",0,D35)+IF(D36="-",0,D36)+IF(D37="-",0,D37)+IF(D66="-",0,D66) | E10: =IF(E11="-",0,E11)+IF(E18="-",0,E18)+IF(E19="-",0,E19)+IF(E24="-",0,E24)+IF(E31="-",0,E31)+IF(E35="-",0,E35)+IF(E66="-",0,E66) | F10: =IF(F11="-",0,F11)+IF(F18="-",0,F18)+IF(F19="-",0,F19)+IF(F35="-",0,F35)+IF(F36="-",0,F36)+IF(F37="-",0,F37) | H10: =IF(H11="-",0,H11)+IF(H18="-",0,H18)+IF(H19="-",0,H19)+IF(H24="-",0,H24)+IF(H31="-",0,H31)+IF(H35="-",0,H35)+IF(H37="-",0,H37)+IF(H66="-",0,H66) | I10: =IF(I24="-",0,I24)+IF(I37="-",0,I37) | K10: =IF(K11="-",0,K11)+IF(K18="-",0,K18)+IF(K19="-",0,K19)+IF(K35="-",0,K35)+IF(K37="-",0,K37) | L10: =IF(L11="-",0,L11)+IF(L18="-",0,L18)+IF(L19="-",0,L19)+IF(L24="-",0,L24)+IF(L31="-",0,L31)+IF(L35="-",0,L35)+IF(L37="-",0,L37)+IF(L66="-",0,L66)+IF(L67="-",0,L67) | M10: =IF(M11="-",0,M11)+IF(M18="-",0,M18)+IF(M19="-",0,M19)+IF(M24="-",0,M24)+IF(M31="-",0,M31)+IF(M35="-",0,M35)+IF(M37="-",0,M37)+IF(M66="-",0,M66)+IF(M67="-",0,M67)
B11: зерновые и зернобобовые культуры на зерно и семена (стр. 102111 + 102112 + 102113 + 102114 + 102115 + 102119) | C11: 102110 | D11: =IF(D12="-",0,D12)+IF(D13="-",0,D13)+IF(D14="-",0,D14)+IF(D15="-",0,D15)+IF(D16="-",0,D16)+IF(D17="-",0,D17) | E11: =IF(E12="-",0,E12)+IF(E13="-",0,E13)+IF(E14="-",0,E14)+IF(E15="-",0,E15)+IF(E16="-",0,E16)+IF(E17="-",0,E17) | F11: =IF(F12="-",0,F12)+IF(F13="-",0,F13)+IF(F14="-",0,F14)+IF(F15="-",0,F15)+IF(F16="-",0,F16)+IF(F17="-",0,F17) | G11: Агротехнологические работы (зерновые) субъектам Сибирского и Дальневосточного федеральных округов | H11: =IF(H12="-",0,H12)+IF(H13="-",0,H13)+IF(H14="-",0,H14)+IF(H15="-",0,H15)+IF(H16="-",0,H16)+IF(H17="-",0,H17) | I11: Х | K11: =IF(K12="-",0,K12)+IF(K13="-",0,K13)+IF(K14="-",0,K14)+IF(K15="-",0,K15)+IF(K16="-",0,K16)+IF(K17="-",0,K17) | L11: =IF(L12="-",0,L12)+IF(L13="-",0,L13)+IF(L14="-",0,L14)+IF(L15="-",0,L15)+IF(L16="-",0,L16)+IF(L17="-",0,L17) | M11: =IF(M12="-",0,M12)+IF(M13="-",0,M13)+IF(M14="-",0,M14)+IF(M15="-",0,M15)+IF(M16="-",0,M16)+IF(M17="-",0,M17)
B12: в том числе: пшеница (озимая и яровая) | C12: 102111 | D12: =IF(E12="-",0,E12)+IF(F12="-",0,F12)+IF(H12="-",0,H12) | E12: 0 | F12: 0 | H12: 0 | I12: Х | K12: 0 | L12: 0 | M12: 0
B13: кукуруза (на зерно) | C13: 102112 | D13: =IF(E13="-",0,E13)+IF(F13="-",0,F13)+IF(H13="-",0,H13) | E13: 0 | F13: 0 | H13: 0 | I13: Х | K13: 0 | L13: 0 | M13: 0
B14: гречиха | C14: 102113 | D14: =IF(E14="-",0,E14)+IF(F14="-",0,F14)+IF(H14="-",0,H14) | E14: 0 | F14: 0 | H14: 0 | I14: Х | K14: 0 | L14: 0 | M14: 0
B15: рожь | C15: 102114 | D15: =IF(E15="-",0,E15)+IF(F15="-",0,F15)+IF(H15="-",0,H15) | E15: 0 | F15: 0 | H15: 0 | I15: Х | K15: 0 | L15: 0 | M15: 0
B16: ячмень | C16: 102115 | D16: =IF(E16="-",0,E16)+IF(F16="-",0,F16)+IF(H16="-",0,H16) | E16: 0 | F16: 0 | H16: 0 | I16: Х | K16: 0 | L16: 0 | M16: 0
B17: прочие зерновые и зернобобовые культуры, не включенные в другие группировки, на зерно и семена | C17: 102119 | D17: =IF(E17="-",0,E17)+IF(F17="-",0,F17)+IF(H17="-",0,H17) | E17: 0 | F17: 0 | H17: 0 | I17: Х | K17: 0 | L17: 0 | M17: 0
B18: рис | C18: 102120 | D18: =IF(E18="-",0,E18)+IF(F18="-",0,F18)+IF(H18="-",0,H18) | E18: 0 | F18: 0 | H18: 0 | I18: Х | K18: 0 | L18: 0 | M18: 0
B19: масличные культуры (стр. 102131 + 102132 + 102133 + 102134) | C19: 102130 | D19: =IF(D20="-",0,D20)+IF(D21="-",0,D21)+IF(D22="-",0,D22)+IF(D23="-",0,D23) | E19: =IF(E20="-",0,E20)+IF(E21="-",0,E21)+IF(E22="-",0,E22)+IF(E23="-",0,E23) | F19: =IF(F22="-",0,F22)+IF(F23="-",0,F23) | H19: =IF(H20="-",0,H20)+IF(H21="-",0,H21)+IF(H22="-",0,H22)+IF(H23="-",0,H23) | I19: Х | K19: =IF(K22="-",0,K22)+IF(K23="-",0,K23) | L19: =IF(L20="-",0,L20)+IF(L21="-",0,L21)+IF(L22="-",0,L22)+IF(L23="-",0,L23) | M19: =IF(M20="-",0,M20)+IF(M21="-",0,M21)+IF(M22="-",0,M22)+IF(M23="-",0,M23)
B20: в том числе: соя (бобы соевые) | C20: 102131 | D20: =IF(E20="-",0,E20)+IF(H20="-",0,H20) | E20: 0 | F20: Х | H20: 0 | I20: Х | K20: Х | L20: 0 | M20: 0
B21: рапс (озимый и яровой (кольза)) | C21: 102132 | D21: =IF(E21="-",0,E21)+IF(H21="-",0,H21) | E21: 0 | F21: Х | H21: 0 | I21: Х | K21: Х | L21: 0 | M21: 0
B22: подсолнечник | C22: 102133 | D22: =IF(E22="-",0,E22)+IF(F22="-",0,F22)+IF(H22="-",0,H22) | E22: 0 | F22: 0 | G22: Агротехнологические работы (масличные) субъектам Сибирского и Дальневосточного федеральных округов | H22: 0 | I22: Х | K22: 0 | L22: 0 | M22: 0
B23: прочие масличные культуры, не включенные в другие группировки, в том числе лен-кудряш (масличный) | C23: 102134 | D23: =IF(E23="-",0,E23)+IF(F23="-",0,F23)+IF(H23="-",0,H23) | E23: 0 | F23: 0 | H23: 0 | I23: Х | K23: 0 | L23: 0 | M23: 0
B24: овощи и культуры бахчевые, корнеплоды и клубнеплоды (стр. 102141 + 102142 + 102143 + 102144 + 102145 + 102149) | C24: 102140 | D24: =IF(D25="-",0,D25)+IF(D26="-",0,D26)+IF(D27="-",0,D27)+IF(D28="-",0,D28)+IF(D29="-",0,D29)+IF(D30="-",0,D30) | E24: =IF(E28="-",0,E28)+IF(E30="-",0,E30) | F24: Х | H24: =IF(H25="-",0,H25)+IF(H26="-",0,H26)+IF(H27="-",0,H27)+IF(H28="-",0,H28)+IF(H29="-",0,H29)+IF(H30="-",0,H30) | I24: =IF(I25="-",0,I25)+IF(I26="-",0,I26) | J24: Развитие отраслей овощеводства и картофелеводства | K24: Х | L24: =IF(L25="-",0,L25)+IF(L26="-",0,L26)+IF(L27="-",0,L27)+IF(L28="-",0,L28)+IF(L29="-",0,L29)+IF(L30="-",0,L30) | M24: =IF(M25="-",0,M25)+IF(M26="-",0,M26)+IF(M27="-",0,M27)+IF(M28="-",0,M28)+IF(M29="-",0,M29)+IF(M30="-",0,M30)
B25: в том числе: овощи открытого грунта | C25: 102141 | D25: =IF(H25="-",0,H25) | E25: Х | F25: Х | H25: 0 | I25: 0 | K25: Х | L25: 0 | M25: 0
B26: картофель | C26: 102142 | D26: =IF(H26="-",0,H26) | E26: Х | F26: Х | H26: 0 | I26: 0 | K26: Х | L26: 0 | M26: 0
B27: овощи защищенного грунта | C27: 102143 | D27: =IF(H27="-",0,H27) | E27: Х | F27: Х | H27: 0 | I27: X | K27: Х | L27: 0 | M27: 0
B28: свекла сахарная (товарная) | C28: 102144 | D28: =IF(E28="-",0,E28)+IF(H28="-",0,H28) | E28: 0 | F28: Х | H28: 0 | I28: X | K28: Х | L28: 0 | M28: 0
B29: семенные посевы, маточники и семенники овощных культур | C29: 102145 | D29: =IF(H29="-",0,H29) | E29: Х | F29: Х | H29: 0 | I29: 0 | K29: Х | L29: 0 | M29: 0
B30: бахчевые, корнеплоды столовые и клубнеплоды на продовольственные цели, не включенные в другие группировки | C30: 102149 | D30: =IF(E30="-",0,E30)+IF(H30="-",0,H30) | E30: 0 | F30: Х | H30: 0 | I30: X | K30: Х | L30: 0 | M30: 0
B31: культуры волокнистые прядильные (стр. 102151 + 102152 + 102153) | C31: 102150 | D31: =IF(D32="-",0,D32)+IF(D33="-",0,D33)+IF(D34="-",0,D34) | E31: =IF(E32="-",0,E32)+IF(E33="-",0,E33)+IF(E34="-",0,E34) | F31: X | H31: =IF(H32="-",0,H32)+IF(H33="-",0,H33)+IF(H34="-",0,H34) | I31: Х | K31: Х | L31: =IF(L32="-",0,L32)+IF(L33="-",0,L33)+IF(L34="-",0,L34) | M31: =IF(M32="-",0,M32)+IF(M33="-",0,M33)+IF(M34="-",0,M34)
B32: в том числе: лен-долгунец | C32: 102151 | D32: =IF(E32="-",0,E32)+IF(H32="-",0,H32) | E32: 0 | F32: X | H32: 0 | I32: Х | K32: Х | L32: 0 | M32: 0
B33: техническая конопля | C33: 102152 | D33: =IF(E33="-",0,E33)+IF(H33="-",0,H33) | E33: 0 | F33: X | H33: 0 | I33: Х | K33: Х | L33: 0 | M33: 0
B34: прочие | C34: 102153 | D34: =IF(E34="-",0,E34)+IF(H34="-",0,H34) | E34: 0 | F34: Х | H34: 0 | I34: Х | K34: Х | L34: 0 | M34: 0
B35: кормовые культуры (однолетние и многолетние травы, кукуруза на корм, культуры кормовые корнеплодные, прочие кормовые) | C35: 102160 | D35: =IF(E35="-",0,E35)+IF(F35="-",0,F35)+IF(H35="-",0,H35) | E35: 0 | F35: 0 | G35: Агротехнологические работы (кормовые культуры) субъектам Сибирского и Дальневосточного федеральных округов | H35: 0 | I35: Х | K35: 0 | L35: 0 | M35: 0
B36: приобретение семян кормовых культур, поставляемых в районы Крайнего Севера и местности, приравненные к районам Крайнего Севера | C36: 102161 | D36: =IF(F36="-",0,F36) | E36: Х | F36: 0 | G36: Приобретение семян кормовых культур для районов Крайнего Севера | H36: Х | I36: Х | K36: Х | L36: Х | M36: Х
B37: многолетние насаждения (плодовые и ягодные, включая виноградники) (стр. 102171 + 102172 + 102173 + 102174 + 102175 + 102179) | C37: 102170 | D37: =IF(D38="-",0,D38)+IF(D43="-",0,D43)+IF(D48="-",0,D48)+IF(D52="-",0,D52)+IF(D56="-",0,D56)+IF(D61="-",0,D61) | E37: Х | F37: =IF(F43="-",0,F43)+IF(F48="-",0,F48)+IF(F52="-",0,F52)+IF(F56="-",0,F56)+IF(F61="-",0,F61) | H37: =IF(H38="-",0,H38)+IF(H43="-",0,H43)+IF(H48="-",0,H48)+IF(H52="-",0,H52)+IF(H56="-",0,H56)+IF(H61="-",0,H61) | I37: =IF(I38="-",0,I38)+IF(I48="-",0,I48)+IF(I52="-",0,I52) | K37: =IF(K43="-",0,K43)+IF(K48="-",0,K48)+IF(K52="-",0,K52)+IF(K56="-",0,K56)+IF(K61="-",0,K61) | L37: =IF(L38="-",0,L38)+IF(L43="-",0,L43)+IF(L48="-",0,L48)+IF(L52="-",0,L52)+IF(L56="-",0,L56)+IF(L61="-",0,L61) | M37: =IF(M38="-",0,M38)+IF(M43="-",0,M43)+IF(M48="-",0,M48)+IF(M52="-",0,M52)+IF(M56="-",0,M56)+IF(M61="-",0,M61)
B38: виноградники (стр. 102171.1 + 102171.2 + 107171.3 + 107171.4) | C38: 102171 | D38: =IF(D39="-",0,D39)+IF(D40="-",0,D40)+IF(D41="-",0,D41) | E38: Х | F38: Х | H38: =IF(H39="-",0,H39)+IF(H40="-",0,H40)+IF(H41="-",0,H41) | I38: =IF(I39="-",0,I39)+IF(I40="-",0,I40)+IF(I41="-",0,I41)+IF(I42="-",0,I42) | J38: Стимулирование развития виноградарства и виноделия | K38: Х | L38: =IF(L39="-",0,L39)+IF(L40="-",0,L40)+IF(L41="-",0,L41)+IF(L42="-",0,L42) | M38: =IF(M39="-",0,M39)+IF(M40="-",0,M40)+IF(M41="-",0,M41)+IF(M42="-",0,M42)
B39: из них: на закладку виноградников | C39: 102171.1 | D39: =IF(H39="-",0,H39) | E39: Х | F39: Х | H39: 0 | I39: 0 | K39: Х | L39: 0 | M39: 0
B40: на уход за молодыми виноградниками | C40: 102171.2 | D40: =IF(H40="-",0,H40) | E40: Х | F40: Х | H40: 0 | I40: 0 | K40: Х | L40: 0 | M40: 0
B41: на уход за плодоносящими виноградниками | C41: 102171.3 | D41: =IF(H41="-",0,H41) | E41: Х | F41: Х | H41: 0 | I41: 0 | K41: Х | L41: 0 | M41: 0
B42: на раскорчевку | C42: 102171.4 | D42: Х | E42: Х | F42: Х | H42: Х | I42: 0 | K42: Х | L42: 0 | M42: 0
B43: семечковые и косточковые культуры (стр. 102172.1 + 102172.2 + 102172.3 + 102172.4) | C43: 102172 | D43: =IF(D44="-",0,D44)+IF(D45="-",0,D45)+IF(D46="-",0,D46)+IF(D47="-",0,D47) | E43: Х | F43: =IF(F44="-",0,F44)+IF(F45="-",0,F45)+IF(F47="-",0,F47) | G43: Закладка и уход за многолетними насажденими (кроме виноградников), включая питомники | H43: =IF(H44="-",0,H44)+IF(H45="-",0,H45)+IF(H46="-",0,H46) | I43: Х | K43: =IF(K44="-",0,K44)+IF(K45="-",0,K45) | L43: =IF(L44="-",0,L44)+IF(L45="-",0,L45)+IF(L46="-",0,L46)+IF(L47="-",0,L47) | M43: =IF(M44="-",0,M44)+IF(M45="-",0,M45)+IF(M46="-",0,M46)+IF(M47="-",0,M47)
B44: из них: на закладку садов | C44: 102172.1 | D44: =IF(F44="-",0,F44)+IF(H44="-",0,H44) | E44: Х | F44: 0 | H44: 0 | I44: Х | K44: 0 | L44: 0 | M44: 0
B45: на уход за молодыми садами | C45: 102172.2 | D45: =IF(F45="-",0,F45)+IF(H45="-",0,H45) | E45: Х | F45: 0 | H45: 0 | I45: Х | K45: 0 | L45: 0 | M45: 0
B46: на уход за плодоносящими садами | C46: 102172.3 | D46: =IF(H46="-",0,H46) | E46: Х | F46: Х | H46: 0 | I46: Х | K46: Х | L46: 0 | M46: 0
B47: на раскорчевку | C47: 102172.4 | D47: =IF(F47="-",0,F47) | E47: Х | F47: 0 | H47: Х | I47: Х | K47: Х | L47: 0 | M47: 0
B48: питомники многолетних насаждений, включая виноградники на закладку (стр. 102173.1 + 102173.2 + 102173.3) | C48: 102173 | D48: =IF(D49="-",0,D49)+IF(D50="-",0,D50)+IF(D51="-",0,D51) | E48: Х | F48: =IF(F49="-",0,F49)+IF(F51="-",0,F51) | H48: =IF(H49="-",0,H49)+IF(H50="-",0,H50)+IF(H51="-",0,H51) | I48: =IF(I50="-",0,I50) | K48: =IF(K49="-",0,K49)+IF(K51="-",0,K51) | L48: =IF(L49="-",0,L49)+IF(L50="-",0,L50)+IF(L51="-",0,L51) | M48: =IF(M49="-",0,M49)+IF(M50="-",0,M50)+IF(M51="-",0,M51)
B49: питомники семечковых и косточковых культур | C49: 102173.1 | D49: =IF(F49="-",0,F49)+IF(H49="-",0,H49) | E49: Х | F49: 0 | H49: 0 | I49: Х | K49: 0 | L49: 0 | M49: 0
B50: виноградные питомники (производство саженцев) | C50: 102173.2 | D50: =IF(H50="-",0,H50) | E50: Х | F50: Х | H50: 0 | I50: 0 | J50: Стимулирование развития виноградарства и вииноделия | K50: Х | L50: 0 | M50: 0
B51: питомники прочих многолетних насаждений | C51: 102173.3 | D51: =IF(F51="-",0,F51)+IF(H51="-",0,H51) | E51: Х | F51: 0 | H51: 0 | I51: Х | K51: 0 | L51: 0 | M51: 0
B52: питомники многолетних насаждений, включая виноградники на уход (стр. 102174.1 + 102174.2 + 102174.3) | C52: 102174 | D52: =IF(D53="-",0,D53)+IF(D54="-",0,D54)+IF(D55="-",0,D55) | E52: Х | F52: =IF(F53="-",0,F53)+IF(F55="-",0,F55) | H52: =IF(H53="-",0,H53)+IF(H54="-",0,H54)+IF(H55="-",0,H55) | I52: =IF(I54="-",0,I54) | K52: =IF(K53="-",0,K53)+IF(K55="-",0,K55) | L52: =IF(L53="-",0,L53)+IF(L54="-",0,L54)+IF(L55="-",0,L55) | M52: =IF(M53="-",0,M53)+IF(M54="-",0,M54)+IF(M55="-",0,M55)
B53: питомники семечковых и косточковых культур | C53: 102174.1 | D53: =IF(F53="-",0,F53)+IF(H53="-",0,H53) | E53: Х | F53: 0 | H53: 0 | I53: Х | K53: 0 | L53: 0 | M53: 0
B54: виноградные питомники (производство саженцев) | C54: 102174.2 | D54: =IF(H54="-",0,H54) | E54: Х | F54: Х | H54: 0 | I54: 0 | J54: Стимулирование развития виноградарства и виноделия | K54: Х | L54: 0 | M54: 0
B55: питомники прочих многолетних насаждений | C55: 102174.3 | D55: =IF(F55="-",0,F55)+IF(H55="-",0,H55) | E55: Х | F55: 0 | H55: 0 | I55: Х | K55: 0 | L55: 0 | M55: 0
B56: хмельники (стр. 102175.1 + 102175.2 + 102175.3 + 102175.4) | C56: 102175 | D56: =IF(D57="-",0,D57)+IF(D58="-",0,D58)+IF(D59="-",0,D59)+IF(D60="-",0,D60) | E56: Х | F56: =IF(F57="-",0,F57)+IF(F58="-",0,F58)+IF(F60="-",0,F60) | H56: =IF(H57="-",0,H57)+IF(H58="-",0,H58)+IF(H59="-",0,H59) | I56: Х | K56: =IF(K57="-",0,K57)+IF(K58="-",0,K58) | L56: =IF(L57="-",0,L57)+IF(L58="-",0,L58)+IF(L59="-",0,L59)+IF(L60="-",0,L60) | M56: =IF(M57="-",0,M57)+IF(M58="-",0,M58)+IF(M59="-",0,M59)+IF(M60="-",0,M60)
B57: из них: на закладку хмельников | C57: 102175.1 | D57: =IF(F57="-",0,F57)+IF(H57="-",0,H57) | E57: Х | F57: 0 | H57: 0 | I57: Х | K57: 0 | L57: 0 | M57: 0
B58: на уход за молодыми хмельниками | C58: 102175.2 | D58: =IF(F58="-",0,F58)+IF(H58="-",0,H58) | E58: Х | F58: 0 | H58: 0 | I58: Х | K58: 0 | L58: 0 | M58: 0
B59: на уход за хмельниками в плодоносящем возрасте | C59: 102175.3 | D59: =IF(H59="-",0,H59) | E59: Х | F59: Х | H59: 0 | I59: Х | K59: Х | L59: 0 | M59: 0
B60: на раскорчевку | C60: 102175.4 | D60: =IF(F60="-",0,F60) | E60: Х | F60: 0 | H60: Х | I60: Х | K60: Х | L60: 0 | M60: 0
B61: прочие плодовые деревья и кустарники, ягодники, не включенные в другие группировки (стр. 102179.1 + 102179.2 + 102179.3 + 102179.4) | C61: 102179 | D61: =IF(D62="-",0,D62)+IF(D63="-",0,D63)+IF(D64="-",0,D64)+IF(D65="-",0,D65) | E61: Х | F61: =IF(F62="-",0,F62)+IF(F63="-",0,F63)+IF(F65="-",0,F65) | H61: =IF(H62="-",0,H62)+IF(H63="-",0,H63)+IF(H64="-",0,H64) | I61: Х | K61: =IF(K62="-",0,K62)+IF(K63="-",0,K63) | L61: =IF(L62="-",0,L62)+IF(L63="-",0,L63)+IF(L64="-",0,L64)+IF(L65="-",0,L65) | M61: =IF(M62="-",0,M62)+IF(M63="-",0,M63)+IF(M64="-",0,M64)+IF(M65="-",0,M65)
B62: из них: на закладку садов (насаждений) | C62: 102179.1 | D62: =IF(F62="-",0,F62)+IF(H62="-",0,H62) | E62: Х | F62: 0 | H62: 0 | I62: Х | K62: 0 | L62: 0 | M62: 0
B63: на уход за молодыми садами (насаждениями) | C63: 102179.2 | D63: =IF(F63="-",0,F63)+IF(H63="-",0,H63) | E63: Х | F63: 0 | H63: 0 | I63: Х | K63: 0 | L63: 0 | M63: 0
B64: на уход за плодоносящими садами (насаждениями) | C64: 102179.3 | D64: =IF(H64="-",0,H64) | E64: Х | F64: Х | H64: 0 | I64: Х | K64: Х | L64: 0 | M64: 0
B65: на раскорчевку | C65: 102179.4 | D65: =IF(F65="-",0,F65) | E65: Х | F65: 0 | H65: Х | I65: Х | K65: Х | L65: 0 | M65: 0
B66: прочие культуры, не включенные в другие группировки (в том числе пряности и растения, используемые в парфюмерии и фармации, прочие культуры) | C66: 102180 | D66: =IF(E66="-",0,E66)+IF(H66="-",0,H66) | E66: 0 | F66: Х | H66: 0 | I66: Х | K66: Х | L66: 0 | M66: 0
B67: агротехнологические работы в растениеводстве | C67: 102191 | D67: Х | E67: Х | F67: Х | H67: Х | I67: Х | K67: Х | L67: 0 | M67: 0
B68: 2. Распределено на продукцию растениеводства (сырье): (стр. 102210 + 102220 + 102230 + 102240 + 102250 + 102255 + 102256 + 102260 + 102270 + 102290) | C68: 102200 | D68: =IF(D88="-",0,D88)+IF(D89="-",0,D89) | E68: Х | F68: =IF(F88="-",0,F88)+IF(F89="-",0,F89) | H68: Х | I68: =IF(I69="-",0,I69)+IF(I82="-",0,I82)+IF(I92="-",0,I92) | K68: =IF(K82="-",0,K82) | L68: =IF(L69="-",0,L69)+IF(L76="-",0,L76)+IF(L77="-",0,L77)+IF(L82="-",0,L82)+IF(L88="-",0,L88)+IF(L89="-",0,L89)+IF(L90="-",0,L90)+IF(L91="-",0,L91)+IF(L92="-",0,L92)+IF(L97="-",0,L97) | M68: =IF(M69="-",0,M69)+IF(M76="-",0,M76)+IF(M77="-",0,M77)+IF(M82="-",0,M82)+IF(M88="-",0,M88)+IF(M89="-",0,M89)+IF(M90="-",0,M90)+IF(M91="-",0,M91)+IF(M92="-",0,M92)+IF(M97="-",0,M97)
B69: зерно и семена зерновых и зернобобовых культур (стр. 102211 + 102212 + 102213 + 102214 + 102215 + 102219) | C69: 102210 | D69: Х | E69: Х | F69: Х | H69: Х | I69: =IF(I70="-",0,I70)+IF(I71="-",0,I71)+IF(I73="-",0,I73)+IF(I74="-",0,I74) | J69: Субсидии на возмещение производителям зерновых культур части затрат на производство и реализацию | K69: Х | L69: =IF(L70="-",0,L70)+IF(L71="-",0,L71)+IF(L72="-",0,L72)+IF(L73="-",0,L73)+IF(L74="-",0,L74)+IF(L75="-",0,L75) | M69: =IF(M70="-",0,M70)+IF(M71="-",0,M71)+IF(M72="-",0,M72)+IF(M73="-",0,M73)+IF(M74="-",0,M74)+IF(M75="-",0,M75)
B70: в том числе: зерно пшеницы (озимой и яровой) | C70: 102211 | D70: Х | E70: Х | F70: Х | H70: Х | I70: 0 | K70: Х | L70: 0 | M70: 0
B71: зерно кукурузы | C71: 102212 | D71: Х | E71: Х | F71: Х | H71: Х | I71: 0 | K71: Х | L71: 0 | M71: 0
B72: гречка (зерно) | C72: 102213 | D72: Х | E72: Х | F72: Х | H72: Х | I72: Х | K72: Х | L72: 0 | M72: 0
B73: зерно ржи | C73: 102214 | D73: Х | E73: Х | F73: Х | H73: Х | I73: 0 | K73: Х | L73: 0 | M73: 0
B74: зерно ячменя | C74: 102215 | D74: Х | E74: Х | F74: Х | H74: Х | I74: 0 | K74: Х | L74: 0 | M74: 0
B75: зерно прочих зерновых и зернобобовых культур, не включенных в другие группировки | C75: 102219 | D75: Х | E75: Х | F75: Х | H75: Х | I75: Х | K75: Х | L75: 0 | M75: 0
B76: зерно нешелушеного риса | C76: 102220 | D76: Х | E76: Х | F76: Х | H76: Х | I76: Х | K76: Х | L76: 0 | M76: 0
B77: семена масличных культур для посева и переработки (стр. 102231 + 102232 + 102233 + 102234) | C77: 102230 | D77: Х | E77: Х | F77: Х | H77: Х | I77: Х | K77: Х | L77: =IF(L78="-",0,L78)+IF(L79="-",0,L79)+IF(L80="-",0,L80)+IF(L81="-",0,L81) | M77: =IF(M78="-",0,M78)+IF(M79="-",0,M79)+IF(M80="-",0,M80)+IF(M81="-",0,M81)
B78: в том числе: бобы соевые | C78: 102231 | D78: Х | E78: Х | F78: Х | H78: Х | I78: Х | K78: Х | L78: 0 | M78: 0
B79: семена рапса (озимого и ярового) | C79: 102232 | D79: Х | E79: Х | F79: Х | H79: Х | I79: Х | K79: Х | L79: 0 | M79: 0
B80: семена подсолнечника | C80: 102233 | D80: Х | E80: Х | F80: Х | H80: Х | I80: Х | K80: Х | L80: 0 | M80: 0
B81: семена прочих масличных культур для посева и переработки | C81: 102234 | D81: Х | E81: Х | F81: Х | H81: Х | I81: Х | K81: Х | L81: 0 | M81: 0
B82: овощи, бахчевые, корнеплоды и клубнеплоды (стр. 102241 + 102242 + 102243 + 102244 + 102249) | C82: 102240 | D82: Х | E82: Х | F82: Х | H82: Х | I82: =IF(I83="-",0,I83)+IF(I84="-",0,I84)+IF(I85="-",0,I85) | J82: Развитие отраслей овощеводства и картофелеводства | K82: =IF(K83="-",0,K83)+IF(K84="-",0,K84) | L82: =IF(L83="-",0,L83)+IF(L84="-",0,L84)+IF(L85="-",0,L85)+IF(L86="-",0,L86)+IF(L87="-",0,L87) | M82: =IF(M83="-",0,M83)+IF(M84="-",0,M84)+IF(M85="-",0,M85)+IF(M86="-",0,M86)+IF(M87="-",0,M87)
B83: в том числе: овощи открытого грунта | C83: 102241 | D83: Х | E83: Х | F83: Х | H83: Х | I83: 0 | K83: 0 | L83: 0 | M83: 0
B84: картофель | C84: 102242 | D84: Х | E84: Х | F84: Х | H84: Х | I84: 0 | K84: 0 | L84: 0 | M84: 0
B85: овощи защищенного грунта | C85: 102243 | D85: Х | E85: Х | F85: Х | H85: Х | I85: 0 | K85: Х | L85: 0 | M85: 0
B86: свекла сахарная (товарная) | C86: 102244 | D86: Х | E86: Х | F86: Х | H86: Х | I86: Х | K86: Х | L86: 0 | M86: 0
B87: бахчевые, корнеплоды столовые и клубнеплоды на продовольственные цели, не включенные в другие группировки | C87: 102249 | D87: Х | E87: Х | F87: Х | H87: Х | I87: Х | K87: Х | L87: 0 | M87: 0
B88: волокно и соломка льна-долгунца (в том числе в пересчете на льнотресту) | C88: 102250 | D88: =IF(F88="-",0,F88) | E88: Х | F88: 0 | G88: Производство льноволокна, пеньковолокна | H88: Х | I88: Х | K88: Х | L88: 0 | M88: 0
B89: волокно и соломка технической конопли (в том числе в пересчете на конопляную тресту) | C89: 102255 | D89: =IF(F89="-",0,F89) | E89: Х | F89: 0 | H89: Х | I89: Х | K89: Х | L89: 0 | M89: 0
B90: продукция прочих волокнистых прядильных культур | C90: 102256 | D90: Х | E90: Х | F90: Х | H90: Х | I90: Х | K90: Х | L90: 0 | M90: 0
B91: корма | C91: 102260 | D91: Х | E91: Х | F91: Х | H91: Х | I91: Х | K91: Х | L91: 0 | M91: 0
B92: плоды многолетних культур (включая виноград) (стр. 102271 + 102272 + 102273) | C92: 102270 | D92: Х | E92: Х | F92: Х | H92: Х | I92: =IF(I93="-",0,I93) | J92: Стимулирование развития виноградарства и виноделия | K92: Х | L92: =IF(L93="-",0,L93)+IF(L94="-",0,L94)+IF(L95="-",0,L95) | M92: =IF(M93="-",0,M93)+IF(M94="-",0,M94)+IF(M95="-",0,M95)
B93: виноград | C93: 102271 | D93: Х | E93: Х | F93: Х | H93: Х | I93: 0 | K93: Х | L93: 0 | M93: 0
B94: яблоки | C94: 102272 | D94: Х | E94: Х | F94: Х | H94: Х | I94: Х | K94: Х | L94: 0 | M94: 0
B95: прочие плоды (семечковые, косточковые, ягоды, прочие) | C95: 102273 | D95: Х | E95: Х | F95: Х | H95: Х | I95: Х | K95: Х | L95: 0 | M95: 0
B96: из них: прочие плоды семечковых и косточковых культур | C96: 102273.1 | D96: Х | E96: Х | F96: Х | H96: Х | I96: Х | K96: Х | L96: 0 | M96: 0
B97: прочая продукция растениеводства, не включенная в другие группировки | C97: 102290 | D97: Х | E97: Х | F97: Х | H97: Х | I97: Х | K97: Х | L97: 0 | M97: 0
B98: 3. Сумма средств государственной поддержки, не распределенная по видам культур или видам продукции в растениеводстве | C98: 102300 | D98: Х | E98: Х | F98: Х | H98: Х | I98: =IF(I99="-",0,I99)+IF(I100="-",0,I100) | J98: Развитие отраслей овощеводства и картофелеводства | K98: Х | L98: 0 | M98: 0
B99: семена картофеля (в рамках мероприятия "Элитное семеноводство") | C99: 102300.1 | D99: Х | E99: Х | F99: Х | H99: Х | I99: 0 | K99: Х | L99: Х | M99: Х
B100: семена овощных культур (в рамках мероприятия "Элитное семеноводство") | C100: 102300.2 | D100: Х | E100: Х | F100: Х | H100: Х | I100: 0 | K100: Х | L100: Х | M100: Х
B101: 4. Средства, полученные на финансовое обеспечение (возмещение) части затрат покупателям семян, произведенных в рамках Федеральной научно-технической программы развития сельского хозяйства на 2017 - 2030 годы (за исключением семян картофеля и овощных культур) | C101: 102400 | D101: =IF(E101="-",0,E101) | E101: 0 | F101: Х | H101: Х | I101: Х | K101: Х | L101: Х | M101: Х

Sheet Раздел 10-3
B2: Раздел 10-3. Государственная поддержка текущей деятельности в области животноводства
B4: Наименование животных/вида продукции | C4: Коды | D4: Перечислено субсидий на условиях софинансирования из федерального бюджета | J4: Перечислено субсидий из регионального бюджета без софинансирования из федерального бюджета | K4: СПРАВОЧНО: средства местных бюджетов, полученных организациями АПК по соглашениям получателя с муниципальными органами власти
D5: Субсидии на поддержку приоритетных направлений АПК в области животноводства | I5: Субсидии на поддержку отдельных подотраслей растениеводства, животноводства и перерабатывающей промышленности (ДНР, ЛНР, Запорожская, Херсонская области), субсидии по развитию геномной селекции в области племенного животноводства
D6: Перечислено - всего (гр. 4 + гр. 5 + гр. 7) | E6: в том числе:
E7: Поддержка племенного животноводства | F7: Производство молока, мясное скотоводство, овцеводство и козоводство, северное оленеводство, мараловодство, мясное табунное коневодство, производство шерсти | G7: Мероприятия, указанные в графе 5 | H7: На возмещение части затрат на уплату страховых премий, начисленных по договорам сельскохозяйственного страхования (включая товарную аквакультуру)
B8: 1 | C8: 2 | D8: 3 | E8: 4 | F8: 5 | G8: 6 | H8: 7 | I8: 8 | J8: 9 | K8: 10
B9: Программы и мероприятия в области животноводства, всего (стр. 103100 + 103200 + 103300) | C9: 103000 | D9: =IF(D10="-",0,D10)+IF(D52="-",0,D52) | E9: =IF(E10="-",0,E10) | F9: =IF(F10="-",0,F10)+IF(F52="-",0,F52) | H9: =IF(H10="-",0,H10) | I9: =IF(I10="-",0,I10)+IF(I52="-",0,I52)+IF(I75="-",0,I75) | J9: =IF(J10="-",0,J10)+IF(J52="-",0,J52)+IF(J75="-",0,J75) | K9: =IF(K10="-",0,K10)+IF(K52="-",0,K52)+IF(K75="-",0,K75)
B10: 1. Распределено на поголовье сельскохозяйственных животных и птицы: (стр. 103110 + 103120 + 103130 + 103140 + 103150 + 103180 + 103190) | C10: 103100 | D10: =IF(D11="-",0,D11)+IF(D20="-",0,D20)+IF(D23="-",0,D23)+IF(D26="-",0,D26)+IF(D33="-",0,D33)+IF(D38="-",0,D38)+IF(D41="-",0,D41) | E10: =IF(E11="-",0,E11)+IF(E20="-",0,E20)+IF(E23="-",0,E23)+IF(E26="-",0,E26)+IF(E33="-",0,E33)+IF(E38="-",0,E38)+IF(E41="-",0,E41) | F10: =IF(F11="-",0,F11)+IF(F26="-",0,F26)+IF(F41="-",0,F41) | H10: =IF(H11="-",0,H11)+IF(H20="-",0,H20)+IF(H23="-",0,H23)+IF(H26="-",0,H26)+IF(H33="-",0,H33)+IF(H38="-",0,H38)+IF(H41="-",0,H41) | I10: =IF(I11="-",0,I11)+IF(I20="-",0,I20)+IF(I23="-",0,I23)+IF(I26="-",0,I26)+IF(I33="-",0,I33)+IF(I38="-",0,I38)+IF(I41="-",0,I41) | J10: =IF(J11="-",0,J11)+IF(J20="-",0,J20)+IF(J23="-",0,J23)+IF(J26="-",0,J26)+IF(J33="-",0,J33)+IF(J38="-",0,J38)+IF(J41="-",0,J41) | K10: =IF(K11="-",0,K11)+IF(K20="-",0,K20)+IF(K23="-",0,K23)+IF(K26="-",0,K26)+IF(K33="-",0,K33)+IF(K38="-",0,K38)+IF(K41="-",0,K41)
B11: скот крупный рогатый живой молочного и мясного направления, включая прочий (стр. 103111 + 103112 + 103113 + 103114) | C11: 103110 | D11: =IF(D12="-",0,D12)+IF(D15="-",0,D15)+IF(D16="-",0,D16)+IF(D19="-",0,D19) | E11: =IF(E12="-",0,E12)+IF(E15="-",0,E15)+IF(E16="-",0,E16)+IF(E19="-",0,E19) | F11: =IF(F16="-",0,F16) | H11: =IF(H12="-",0,H12)+IF(H15="-",0,H15)+IF(H16="-",0,H16)+IF(H19="-",0,H19) | I11: =IF(I12="-",0,I12)+IF(I15="-",0,I15)+IF(I16="-",0,I16)+IF(I19="-",0,I19) | J11: =IF(J12="-",0,J12)+IF(J15="-",0,J15)+IF(J16="-",0,J16)+IF(J19="-",0,J19) | K11: =IF(K12="-",0,K12)+IF(K15="-",0,K15)+IF(K16="-",0,K16)+IF(K19="-",0,K19)
B12: в том числе: коровы молочного стада, быки-производители молочного стада (стр. 103111.1 + 103111.2) | C12: 103111 | D12: =IF(D13="-",0,D13)+IF(D14="-",0,D14) | E12: =IF(E13="-",0,E13)+IF(E14="-",0,E14) | F12: Х | H12: =IF(H13="-",0,H13) | I12: =IF(I13="-",0,I13) | J12: =IF(J13="-",0,J13)+IF(J14="-",0,J14) | K12: =IF(K13="-",0,K13)+IF(K14="-",0,K14)
B13: из них: коровы молочного стада | C13: 103111.1 | D13: =IF(E13="-",0,E13)+IF(H13="-",0,H13) | E13: 0 | F13: Х | H13: 0 | I13: 0 | J13: 0 | K13: 0
B14: быки-производители молочного стада | C14: 103111.2 | D14: =IF(E14="-",0,E14) | E14: 0 | F14: Х | H14: Х | I14: Х | J14: 0 | K14: 0
B15: скот на выращивании и откорме, телята и молодняк крупного рогатого скота (далее - КРС) молочного направления | C15: 103112 | D15: =IF(E15="-",0,E15)+IF(H15="-",0,H15) | E15: 0 | F15: Х | H15: 0 | I15: 0 | J15: 0 | K15: 0
B16: коровы мясного направления, быки-производители крупного рогатого скота мясного направления (включая скот крупный рогатый прочий) (стр. 103113.1 + 103113.2) | C16: 103113 | D16: =IF(D17="-",0,D17)+IF(D18="-",0,D18) | E16: =IF(E17="-",0,E17)+IF(E18="-",0,E18) | F16: =IF(F17="-",0,F17) | G16: Мясное КРС (маточное поголовье) | H16: =IF(H17="-",0,H17) | I16: =IF(I17="-",0,I17) | J16: =IF(J17="-",0,J17)+IF(J18="-",0,J18) | K16: =IF(K17="-",0,K17)+IF(K18="-",0,K18)
B17: из них: коровы мясного направления продуктивности | C17: 103113.1 | D17: =IF(E17="-",0,E17)+IF(F17="-",0,F17)+IF(H17="-",0,H17) | E17: 0 | F17: 0 | H17: 0 | I17: 0 | J17: 0 | K17: 0
B18: быки-производители мясного направления продуктивности | C18: 103113.2 | D18: =IF(E18="-",0,E18) | E18: 0 | F18: Х | H18: Х | I18: Х | J18: 0 | K18: 0
B19: скот на выращивании и откорме, телята и молодняк КРС мясного направления (включая скот крупный рогатый прочий) | C19: 103114 | D19: =IF(E19="-",0,E19)+IF(H19="-",0,H19) | E19: 0 | F19: Х | H19: 0 | I19: 0 | J19: 0 | K19: 0
B20: свиньи живые (стр. 103121 + 103122) | C20: 103120 | D20: =IF(D21="-",0,D21)+IF(D22="-",0,D22) | E20: =IF(E21="-",0,E21)+IF(E22="-",0,E22) | F20: Х | H20: =IF(H21="-",0,H21)+IF(H22="-",0,H22) | I20: =IF(I21="-",0,I21)+IF(I22="-",0,I22) | J20: =IF(J21="-",0,J21)+IF(J22="-",0,J22) | K20: =IF(K21="-",0,K21)+IF(K22="-",0,K22)
B21: в том числе: свиньи взрослые основного стада | C21: 103121 | D21: =IF(E21="-",0,E21)+IF(H21="-",0,H21) | E21: 0 | F21: Х | H21: 0 | I21: 0 | J21: 0 | K21: 0
B22: свиньи на выращивании и откорме, молодняк свиней | C22: 103122 | D22: =IF(E22="-",0,E22)+IF(H22="-",0,H22) | E22: 0 | F22: Х | H22: 0 | I22: 0 | J22: 0 | K22: 0
B23: овцы и козы живые (стр. 103131 + 103132) | C23: 103130 | D23: =IF(D24="-",0,D24)+IF(D25="-",0,D25) | E23: =IF(E24="-",0,E24)+IF(E25="-",0,E25) | F23: Х | H23: =IF(H24="-",0,H24)+IF(H25="-",0,H25) | I23: =IF(I24="-",0,I24)+IF(I25="-",0,I25) | J23: =IF(J24="-",0,J24)+IF(J25="-",0,J25) | K23: =IF(K24="-",0,K24)+IF(K25="-",0,K25)
B24: в том числе: маточное поголовье овец и коз, бараны и козлы-производители | C24: 103131 | D24: =IF(E24="-",0,E24)+IF(H24="-",0,H24) | E24: 0 | F24: Х | H24: 0 | I24: 0 | J24: 0 | K24: 0
B25: молодняк овец и коз | C25: 103132 | D25: =IF(E25="-",0,E25)+IF(H25="-",0,H25) | E25: 0 | F25: Х | H25: 0 | I25: 0 | J25: 0 | K25: 0
B26: лошади и прочие животные семейства лошадиных живые (стр. 103141 + 103142 + 103143 + 103144) | C26: 103140 | D26: =IF(D27="-",0,D27)+IF(D28="-",0,D28)+IF(D29="-",0,D29)+IF(D31="-",0,D31) | E26: =IF(E27="-",0,E27)+IF(E28="-",0,E28)+IF(E29="-",0,E29)+IF(E31="-",0,E31) | F26: =IF(F31="-",0,F31) | H26: =IF(H27="-",0,H27)+IF(H28="-",0,H28)+IF(H29="-",0,H29)+IF(H31="-",0,H31) | I26: =IF(I27="-",0,I27)+IF(I28="-",0,I28)+IF(I29="-",0,I29)+IF(I31="-",0,I31) | J26: =IF(J27="-",0,J27)+IF(J28="-",0,J28)+IF(J29="-",0,J29)+IF(J31="-",0,J31) | K26: =IF(K27="-",0,K27)+IF(K28="-",0,K28)+IF(K29="-",0,K29)+IF(K31="-",0,K31)
B27: лошади рабоче-пользовательские взрослые, кроме убойных | C27: 103141 | D27: =IF(E27="-",0,E27)+IF(H27="-",0,H27) | E27: 0 | F27: Х | H27: 0 | I27: 0 | J27: 0 | K27: 0
B28: молодняк рабоче-пользовательских лошадей, кроме убойных | C28: 103142 | D28: =IF(E28="-",0,E28)+IF(H28="-",0,H28) | E28: 0 | F28: Х | H28: 0 | I28: 0 | J28: 0 | K28: 0
B29: животные семейства лошадиных прочие, не включенные в другие группировки | C29: 103143 | D29: =IF(E29="-",0,E29)+IF(H29="-",0,H29) | E29: 0 | F29: Х | H29: 0 | I29: 0 | J29: 0 | K29: 0
B30: из них: молодняк прочих животных семейства лошадиных | C30: 103143.1 | D30: =IF(E30="-",0,E30) | E30: 0 | F30: Х | H30: Х | I30: 0 | J30: Х | K30: Х
B31: мясные табунные лошади | C31: 103144 | D31: =IF(E31="-",0,E31)+IF(F31="-",0,F31)+IF(H31="-",0,H31) | E31: 0 | F31: 0 | G31: Мясное табунное коневодство | H31: 0 | I31: 0 | J31: 0 | K31: 0
B32: из них: молодняк мясных табунных лошадей | C32: 103144.1 | D32: =IF(E32="-",0,E32)+IF(F32="-",0,F32)+IF(H32="-",0,H32) | E32: 0 | F32: 0 | H32: 0 | I32: 0 | J32: 0 | K32: 0
B33: птица сельскохозяйственная живая (стр. 103151 + 103152 + 103153 + 103154) | C33: 103150 | D33: =IF(D34="-",0,D34)+IF(D35="-",0,D35)+IF(D36="-",0,D36)+IF(D37="-",0,D37) | E33: =IF(E34="-",0,E34)+IF(E35="-",0,E35)+IF(E36="-",0,E36)+IF(E37="-",0,E37) | F33: Х | H33: =IF(H34="-",0,H34)+IF(H35="-",0,H35)+IF(H36="-",0,H36)+IF(H37="-",0,H37) | I33: =IF(I34="-",0,I34)+IF(I35="-",0,I35)+IF(I36="-",0,I36)+IF(I37="-",0,I37) | J33: =IF(J34="-",0,J34)+IF(J35="-",0,J35)+IF(J36="-",0,J36)+IF(J37="-",0,J37) | K33: =IF(K34="-",0,K34)+IF(K35="-",0,K35)+IF(K36="-",0,K36)+IF(K37="-",0,K37)
B34: в том числе: продуктивное маточное поголовье кур | C34: 103151 | D34: =IF(E34="-",0,E34)+IF(H34="-",0,H34) | E34: 0 | F34: Х | H34: 0 | I34: 0 | J34: 0 | K34: 0
B35: молодняк кур | C35: 103152 | D35: =IF(E35="-",0,E35)+IF(H35="-",0,H35) | E35: 0 | F35: Х | H35: 0 | I35: 0 | J35: 0 | K35: 0
B36: прочая птица взрослая | C36: 103153 | D36: =IF(E36="-",0,E36)+IF(H36="-",0,H36) | E36: 0 | F36: Х | H36: 0 | I36: 0 | J36: 0 | K36: 0
B37: прочий молодняк на выращивании | C37: 103154 | D37: =IF(E37="-",0,E37)+IF(H37="-",0,H37) | E37: 0 | F37: Х | H37: 0 | I37: 0 | J37: 0 | K37: 0
B38: рыба и прочая продукция рыбоводства (товарная рыба) | C38: 103180 | D38: =IF(E38="-",0,E38)+IF(H38="-",0,H38) | E38: 0 | F38: Х | H38: 0 | I38: 0 | J38: 0 | K38: 0
B39: в том числе: рыба морская и пресноводная живая (кроме декоративной) и продукты из нее, являющиеся продукцией рыбоводства | C39: 103181 | D39: =IF(E39="-",0,E39)+IF(H39="-",0,H39) | E39: 0 | F39: Х | H39: 0 | I39: 0 | J39: 0 | K39: 0
B40: из них: рыба морская и пресноводная маточного поголовья | C40: 103181.1 | D40: =IF(E40="-",0,E40)+IF(H40="-",0,H40) | E40: 0 | F40: Х | H40: 0 | I40: 0 | J40: 0 | K40: 0
B41: животные живые прочие, не включенные в другие группировки (стр. 103193 + 103194 + 103195 + 103196) | C41: 103190 | D41: =IF(D42="-",0,D42)+IF(D47="-",0,D47)+IF(D49="-",0,D49)+IF(D50="-",0,D50) | E41: =IF(E42="-",0,E42)+IF(E47="-",0,E47)+IF(E49="-",0,E49)+IF(E50="-",0,E50) | F41: =IF(F42="-",0,F42) | H41: =IF(H42="-",0,H42)+IF(H47="-",0,H47)+IF(H49="-",0,H49)+IF(H50="-",0,H50) | I41: =IF(I42="-",0,I42)+IF(I47="-",0,I47)+IF(I49="-",0,I49)+IF(I50="-",0,I50) | J41: =IF(J42="-",0,J42)+IF(J47="-",0,J47)+IF(J49="-",0,J49)+IF(J50="-",0,J50) | K41: =IF(K42="-",0,K42)+IF(K47="-",0,K47)+IF(K49="-",0,K49)+IF(K50="-",0,K50)
B42: в том числе: олени (стр. 103193.1 + 103193.2 + 103193.3) | C42: 103193 | D42: =IF(D43="-",0,D43)+IF(D44="-",0,D44)+IF(D45="-",0,D45) | E42: =IF(E43="-",0,E43)+IF(E44="-",0,E44)+IF(E45="-",0,E45) | F42: =IF(F43="-",0,F43)+IF(F44="-",0,F44) | G42: Северное оленеводство, мараловодство | H42: =IF(H43="-",0,H43)+IF(H44="-",0,H44)+IF(H45="-",0,H45) | I42: =IF(I44="-",0,I44)+IF(I45="-",0,I45) | J42: =IF(J43="-",0,J43)+IF(J44="-",0,J44)+IF(J45="-",0,J45) | K42: =IF(K43="-",0,K43)+IF(K44="-",0,K44)+IF(K45="-",0,K45)
B43: из них: олени северные | C43: 103193.1 | D43: =IF(E43="-",0,E43)+IF(F43="-",0,F43)+IF(H43="-",0,H43) | E43: 0 | F43: 0 | H43: 0 | I43: Х | J43: 0 | K43: 0
B44: маралы | C44: 103193.2 | D44: =IF(E44="-",0,E44)+IF(F44="-",0,F44)+IF(H44="-",0,H44) | E44: 0 | F44: 0 | H44: 0 | I44: 0 | J44: 0 | K44: 0
B45: олени прочие (пятнистые, лани, европейские, кавказские, изюбри) | C45: 103193.3 | D45: =IF(E45="-",0,E45)+IF(H45="-",0,H45) | E45: 0 | F45: Х | H45: 0 | I45: 0 | J45: 0 | K45: 0
B46: из строки 103193: молодняк оленей | C46: 103193.4 | D46: =IF(E46="-",0,E46) | E46: 0 | F46: Х | H46: Х | I46: 0 | J46: Х | K46: Х
B47: звери пушные клеточного разведения (лисицы, песцы, норки, нутрии, соболи, бобры, ондатры, хори, прочие пушные звери) | C47: 103194 | D47: =IF(E47="-",0,E47)+IF(H47="-",0,H47) | E47: 0 | F47: Х | H47: 0 | I47: 0 | J47: 0 | K47: 0
B48: из них: молодняк зверей пушных клеточного разведения | C48: 103194.1 | D48: =IF(E48="-",0,E48) | E48: 0 | F48: Х | H48: Х | I48: 0 | J48: Х | K48: Х
B49: пчелы медоносные (пчелосемьи) | C49: 103195 | D49: =IF(E49="-",0,E49)+IF(H49="-",0,H49) | E49: 0 | F49: Х | H49: 0 | I49: 0 | J49: 0 | K49: 0
B50: прочие животные живые (кролики, верблюды, прочие) | C50: 103196 | D50: =IF(E50="-",0,E50)+IF(H50="-",0,H50) | E50: 0 | F50: Х | H50: 0 | I50: 0 | J50: 0 | K50: 0
B51: из строки 103196: молодняк прочих животных | C51: 103196.1 | D51: =IF(E51="-",0,E51) | E51: 0 | F51: Х | H51: Х | I51: 0 | J51: Х | K51: Х
B52: 2. Распределено на продукцию животноводства (сырье): (стр. 103210 + 103220 + 103230 + 103240 + 103250 + 103290) | C52: 103200 | D52: =IF(D53="-",0,D53)+IF(D61="-",0,D61)+IF(D63="-",0,D63) | E52: Х | F52: =IF(F53="-",0,F53)+IF(F61="-",0,F61)+IF(F63="-",0,F63) | H52: X | I52: =IF(I53="-",0,I53) | J52: =IF(J53="-",0,J53)+IF(J57="-",0,J57)+IF(J61="-",0,J61)+IF(J63="-",0,J63)+IF(J73="-",0,J73)+IF(J74="-",0,J74) | K52: =IF(K53="-",0,K53)+IF(K57="-",0,K57)+IF(K61="-",0,K61)+IF(K63="-",0,K63)+IF(K73="-",0,K73)+IF(K74="-",0,K74)
B53: молоко сырое (стр. 103211 + 103212 + 103213) | C53: 103210 | D53: =IF(D54="-",0,D54)+IF(D55="-",0,D55) | E53: Х | F53: =IF(F54="-",0,F54)+IF(F55="-",0,F55) | G53: Производство молока | H53: X | I53: =IF(I54="-",0,I54)+IF(I55="-",0,I55) | J53: =IF(J54="-",0,J54)+IF(J55="-",0,J55)+IF(J56="-",0,J56) | K53: =IF(K54="-",0,K54)+IF(K55="-",0,K55)+IF(K56="-",0,K56)
B54: в том числе: молоко сырое коровье | C54: 103211 | D54: =IF(F54="-",0,F54) | E54: Х | F54: 0 | H54: X | I54: 0 | J54: 0 | K54: 0
B55: молоко сырое козье | C55: 103212 | D55: =IF(F55="-",0,F55) | E55: Х | F55: 0 | H55: X | I55: 0 | J55: 0 | K55: 0
B56: молоко сырое прочих животных (кроме коровьего, козьего) | C56: 103213 | D56: Х | E56: Х | F56: Х | H56: X | I56: Х | J56: 0 | K56: 0
B57: яйца (стр. 103221 + 103222 + 103223) | C57: 103220 | D57: Х | E57: Х | F57: Х | H57: Х | I57: Х | J57: =IF(J58="-",0,J58)+IF(J59="-",0,J59)+IF(J60="-",0,J60) | K57: =IF(K58="-",0,K58)+IF(K59="-",0,K59)+IF(K60="-",0,K60)
B58: в том числе: яйца куриные в скорлупе свежие | C58: 103221 | D58: Х | E58: Х | F58: Х | H58: Х | I58: Х | J58: 0 | K58: 0
B59: яйца прочей домашней птицы в скорлупе свежие | C59: 103222 | D59: Х | E59: Х | F59: Х | H59: Х | I59: Х | J59: 0 | K59: 0
B60: яйца инкубационные | C60: 103223 | D60: Х | E60: Х | F60: Х | H60: Х | I60: Х | J60: 0 | K60: 0
B61: шерсть | C61: 103230 | D61: =IF(D62="-",0,D62) | E61: Х | F61: =IF(F62="-",0,F62) | G61: Производство шерсти | H61: Х | I61: Х | J61: 0 | K61: 0
B62: в том числе: тонкая и полутонкая шерсть | C62: 103231 | D62: =IF(F62="-",0,F62) | E62: Х | F62: 0 | H62: Х | I62: Х | J62: 0 | K62: 0
B63: скот и птица в живой массе, в том числе на убой (стр. 103241 + 103242 + 103243 + 103244 + 103245 + 103249) | C63: 103240 | D63: =IF(D64="-",0,D64)+IF(D67="-",0,D67) | E63: Х | F63: =IF(F64="-",0,F64)+IF(F67="-",0,F67) | H63: X | I63: Х | J63: =IF(J64="-",0,J64)+IF(J67="-",0,J67)+IF(J68="-",0,J68)+IF(J69="-",0,J69)+IF(J71="-",0,J71)+IF(J72="-",0,J72) | K63: =IF(K64="-",0,K64)+IF(K67="-",0,K67)+IF(K68="-",0,K68)+IF(K69="-",0,K69)+IF(K71="-",0,K71)+IF(K72="-",0,K72)
B64: в том числе: КРС, в том числе для убоя (стр. 103241.1 + 103241.2) | C64: 103241 | D64: =IF(D65="-",0,D65)+IF(D66="-",0,D66) | E64: Х | F64: =IF(F65="-",0,F65)+IF(F66="-",0,F66) | G64: КРС на убой | H64: X | I64: Х | J64: =IF(J65="-",0,J65)+IF(J66="-",0,J66) | K64: =IF(K65="-",0,K65)+IF(K66="-",0,K66)
B65: молочного направления | C65: 103241.1 | D65: =IF(F65="-",0,F65) | E65: Х | F65: 0 | H65: X | I65: Х | J65: 0 | K65: 0
B66: мясного направления | C66: 103241.2 | D66: =IF(F66="-",0,F66) | E66: Х | F66: 0 | H66: X | I66: Х | J66: 0 | K66: 0
B67: овцы и козы, в том числе для убоя | C67: 103242 | D67: =IF(F67="-",0,F67) | E67: Х | F67: 0 | G67: Овцы и козы на убой | H67: X | I67: Х | J67: 0 | K67: 0
B68: свиньи, в том числе для убоя | C68: 103243 | D68: Х | E68: Х | F68: Х | H68: Х | I68: Х | J68: 0 | K68: 0
B69: лошади, в том числе для убоя | C69: 103244 | D69: Х | E69: Х | F69: Х | H69: Х | I69: Х | J69: 0 | K69: 0
B70: из них: мясные табунные лошади | C70: 103244.1 | D70: Х | E70: Х | F70: Х | H70: Х | I70: Х | J70: 0 | K70: 0
B71: куры, в том числе для убоя | C71: 103245 | D71: Х | E71: Х | F71: Х | H71: Х | I71: Х | J71: 0 | K71: 0
B72: прочие животные и птицы живые, не включенные в другие группировки, в том числе для убоя | C72: 103249 | D72: Х | E72: Х | F72: Х | H72: Х | I72: Х | J72: 0 | K72: 0
B73: рыба и прочая продукция рыбоводства (товарная рыба) | C73: 103250 | D73: Х | E73: Х | F73: Х | H73: Х | I73: Х | J73: 0 | K73: 0
B74: прочая продукция животноводства, не включенная в другие группировки | C74: 103290 | D74: Х | E74: Х | F74: Х | H74: Х | I74: Х | J74: 0 | K74: 0
B75: 3. Сумма средств государственной поддержки, не распределенная по видам животных и птицы либо на продукцию животноводства | C75: 103300 | D75: Х | E75: Х | F75: Х | H75: Х | I75: =IF(I76="-",0,I76)+IF(I77="-",0,I77) | J75: 0 | K75: 0
B76: скот крупный рогатый молочного направления | C76: 103300.1 | D76: Х | E76: Х | F76: Х | H76: Х | I76: 0 | J76: Х | K76: Х
B77: скот крупный рогатый мясного направления | C77: 103300.2 | D77: Х | E77: Х | F77: Х | H77: Х | I77: 0 | J77: Х | K77: Х

Sheet Раздел 10-4
B2: Раздел 10-4. Государственная поддержка переработки сельскохозяйственного сырья
B4: Наименование культуры/вида продукции | C4: Коды | D4: Субсидии на поддержку приоритетных направлений АПК | E4: Субсидии на поддержку отдельных подотраслей растениеводства, животноводства и перерабатывающей промышленности (ДНР, ЛНР, Запорожская, Херсонская области) | F4: Перечислено субсидий из регионального бюджета без софинансирования из федерального бюджета | G4: СПРАВОЧНО: средства местных бюджетов, полученных организациями АПК по соглашениям получателя с муниципальными органами власти
B5: 1 | C5: 2 | D5: 3 | E5: 4 | F5: 5 | G5: 6
B6: Программы и мероприятия в области переработки сельскохозяйственного сырья, всего (стр. 104100 + 104200) | C6: 104000 | D6: =IF(D7="-",0,D7)+IF(D16="-",0,D16) | E6: =IF(E7="-",0,E7)+IF(E16="-",0,E16) | F6: =IF(F7="-",0,F7)+IF(F16="-",0,F16) | G6: =IF(G7="-",0,G7)+IF(G16="-",0,G16)
B7: 1. Субсидии на производство продукции первичной переработки (стр. 104110 + 104120 + 104130 + 104140 + 104150 + 104160 + 104170 + 104190) | C7: 104100 | D7: =IF(D13="-",0,D13) | E7: =IF(E13="-",0,E13)+IF(E14="-",0,E14) | F7: =IF(F8="-",0,F8)+IF(F9="-",0,F9)+IF(F10="-",0,F10)+IF(F11="-",0,F11)+IF(F12="-",0,F12)+IF(F13="-",0,F13)+IF(F14="-",0,F14)+IF(F15="-",0,F15) | G7: =IF(G8="-",0,G8)+IF(G9="-",0,G9)+IF(G10="-",0,G10)+IF(G11="-",0,G11)+IF(G12="-",0,G12)+IF(G13="-",0,G13)+IF(G14="-",0,G14)+IF(G15="-",0,G15)
B8: на продукцию мукомольно-крупяного производства | C8: 104110 | D8: Х | E8: Х | F8: 0 | G8: 0
B9: на продукцию кормопроизводства | C9: 104120 | D9: Х | E9: Х | F9: 0 | G9: 0
B10: на производство масел растительных, их фракций | C10: 104130 | D10: Х | E10: Х | F10: 0 | G10: 0
B11: на продукцию первичной переработки волокнистых прядильных культур | C11: 104140 | D11: Х | E11: Х | F11: 0 | G11: 0
B12: на вина виноградные из свежего винограда (вина игристые, вина, кроме игристых и газированных), сусло виноградное | C12: 104150 | D12: Х | E12: Х | F12: 0 | G12: 0
B13: на производство молока питьевого пастеризованного | C13: 104160 | D13: 0 | E13: 0 | F13: 0 | G13: 0
B14: на производство мяса сельскохозяйственных животных и птицы и прочих продуктов убоя | C14: 104170 | D14: Х | E14: 0 | F14: 0 | G14: 0
B15: на производство прочей продукции переработки | C15: 104190 | D15: Х | E15: Х | F15: 0 | G15: 0
B16: 2. Субсидии на производство продукции промышленной переработки (стр. 104210 + 104220 + 104230 + 104240 + 104250 + 104260 + 104290) | C16: 104200 | D16: =IF(D19="-",0,D19)+IF(D21="-",0,D21) | E16: =IF(E17="-",0,E17)+IF(E21="-",0,E21)+IF(E22="-",0,E22) | F16: =IF(F17="-",0,F17)+IF(F18="-",0,F18)+IF(F19="-",0,F19)+IF(F20="-",0,F20)+IF(F21="-",0,F21)+IF(F22="-",0,F22)+IF(F23="-",0,F23) | G16: =IF(G17="-",0,G17)+IF(G18="-",0,G18)+IF(G19="-",0,G19)+IF(G20="-",0,G20)+IF(G21="-",0,G21)+IF(G22="-",0,G22)+IF(G23="-",0,G23)
B17: на изделия хлебобулочные и мучные кондитерские | C17: 104210 | D17: Х | E17: 0 | F17: 0 | G17: 0
B18: на сахар (сахар-сырец, сахар белый свекловичный или тростниковый, сироп и сахар кленовые, меласса) | C18: 104220 | D18: Х | E18: Х | F18: 0 | G18: 0
B19: на производство продукции глубокой переработки зерна | C19: 104230 | D19: 0 | E19: Х | F19: 0 | G19: 0
B20: на производство крахмала и крахмалопродуктов | C20: 104240 | D20: Х | E20: Х | F20: 0 | G20: 0
B21: на производство молока (кроме сырого и пастеризованного) и молочной продукции | C21: 104250 | D21: 0 | E21: 0 | F21: 0 | G21: 0
B22: на переработку мяса сельскохозяйственных животных и птицы, а также прочих продуктов убоя | C22: 104260 | D22: Х | E22: 0 | F22: 0 | G22: 0
B23: на прочую продукцию переработки | C23: 104290 | D23: Х | E23: Х | F23: 0 | G23: 0

Sheet Раздел 10-5
B2: Раздел 10-5. Государственная поддержка малых форм хозяйствования, гранты
B4: Наименование направления деятельности | C4: Коды | D4: Перечислено субсидий на условиях софинансирования из федерального бюджета | E4: Перечислено субсидий из регионального бюджета без софинансирования из федерального бюджета | F4: СПРАВОЧНО: средства местных бюджетов, полученных организациями АПК по соглашениям получателя с органами местного самоуправления
B5: 1 | C5: 2 | D5: 3 | E5: 4 | F5: 5
B6: 1. Государственная поддержка крестьянских (фермерских) хозяйств (далее - КФХ), индивидуальных предпринимателей (далее - ИП), сельскохозяйственных потребительских кооперативов (далее - СПоК) и сельхозтоваропроизводителей, включенных в единый реестр субъектов малого и среднего предпринимательства, всего (стр. 105100 + 105300) | C6: 105000 | D6: =IF(D7="-",0,D7)+IF(D22="-",0,D22) | E6: =IF(E7="-",0,E7)+IF(E22="-",0,E22) | F6: =IF(F7="-",0,F7)+IF(F22="-",0,F22)
B7: 1.1. Субсидии (гранты в форме субсидий) на поддержку приоритетных направлений малого агробизнеса (стр. 105110 + 105120 + 105130 + 105140 + 105150 + 105160 + 105170 + 105180 + 105190 + 105195 + 105200 + 105210 + 105220 + 105230) | C7: 105100 | D7: =IF(D8="-",0,D8)+IF(D9="-",0,D9)+IF(D10="-",0,D10)+IF(D11="-",0,D11)+IF(D12="-",0,D12)+IF(D13="-",0,D13)+IF(D14="-",0,D14)+IF(D15="-",0,D15)+IF(D16="-",0,D16)+IF(D17="-",0,D17)+IF(D18="-",0,D18)+IF(D19="-",0,D19)+IF(D20="-",0,D20)+IF(D21="-",0,D21) | E7: =IF(E8="-",0,E8)+IF(E9="-",0,E9)+IF(E10="-",0,E10)+IF(E11="-",0,E11)+IF(E12="-",0,E12)+IF(E13="-",0,E13)+IF(E14="-",0,E14)+IF(E15="-",0,E15)+IF(E16="-",0,E16)+IF(E17="-",0,E17)+IF(E18="-",0,E18)+IF(E20="-",0,E20)+IF(E21="-",0,E21) | F7: =IF(F8="-",0,F8)+IF(F9="-",0,F9)+IF(F10="-",0,F10)+IF(F11="-",0,F11)+IF(F12="-",0,F12)+IF(F13="-",0,F13)+IF(F14="-",0,F14)+IF(F15="-",0,F15)+IF(F16="-",0,F16)+IF(F17="-",0,F17)+IF(F18="-",0,F18)+IF(F20="-",0,F20)+IF(F21="-",0,F21)
B8: грант на развитие крестьянского (фермерского) хозяйства | C8: 105110 | D8: 0 | E8: 0 | F8: 0
B9: на финансовое обеспечение (возмещение) до 60 процентов затрат фермерского хозяйства | C9: 105120 | D9: 0 | E9: 0 | F9: 0
B10: участникам специальной военной операции (грант Агромотиватор) | C10: 105130 | D10: 0 | E10: 0 | F10: 0
B11: грант на развитие сельскохозяйственного потребительского кооператива | C11: 105140 | D11: 0 | E11: 0 | F11: 0
B12: на финансовое обеспечение (возмещение) части затрат, понесенных сельскохозяйственным потребительским кооперативом в текущем финансовом году | C12: 105150 | D12: 0 | E12: 0 | F12: 0
B13: грант Агропрогресс | C13: 105160 | D13: 0 | E13: 0 | F13: 0
B14: на финансовое обеспечение (возмещение) до 60 процентов затрат, связанных с реализацией проекта по внедрению газопоршневых установок | C14: 105170 | D14: 0 | E14: 0 | F14: 0
B15: на финансовое обеспечение (возмещение) части понесенных в текущем финансовом году затрат, связанных с приобретением семенного материала овощей, картофеля, посадочного материала ягодных культур, многолетних насаждений (кроме виноградников), а также сельскохозяйственной птицы, семенного материала сельскохозяйственных животных и маточного поголовья крупного рогатого скота, овец и коз в целях последующего использования в соответствии с агроконтрактом | C15: 105180 | D15: 0 | E15: 0 | F15: 0
B16: грант на реализацию проекта по организации малой сельской пекарни | C16: 105190 | D16: 0 | E16: 0 | F16: 0
B17: грант на реализацию проекта акселерации молочной фермы | C17: 105195 | D17: 0 | E17: 0 | F17: 0
B18: на финансовое обеспечение (возмещение) затрат, связанных с приобретением и монтажом оборудования для производственных объектов, предназначенных для производства хлеба и хлебобулочных изделий, приобретением специализированного автотранспорта для перевозки хлеба и хлебобулочных изделий | C18: 105200 | D18: 0 | E18: 0 | F18: 0
B19: на финансовое обеспечение (возмещение) части понесенных агроагрегаторами в текущем финансовом году затрат на закупку фермерской продукции у производителей фермерской продукции | C19: 105210 | D19: 0 | E19: Х | F19: Х
B20: на финансовое обеспечение (возмещение) части понесенных агроагрегаторами в текущем финансовом году затрат связанных с приобретением и последующим внесением в неделимый фонд объектов, предназначенных для заготовки, хранения, подработки, переработки, сортировки, первичной переработки, охлаждения, подготовки к реализации, транспортировки и реализации сельскохозяйственной продукции, шерсти, пищевых лесных ресурсов, а также продуктов переработки указанной продукции, оборудования для организации хранения, переработки, упаковки, маркировки, транспортировки и реализации сельскохозяйственной продукции, специализированного автотранспорта, газопоршневых установок | C20: 105220 | D20: 0 | E20: 0 | F20: 0
B21: центрам компетенций в сфере сельскохозяйственной кооперации и поддержки фермеров – на финансовое обеспечение (возмещение) затрат, связанных с осуществлением деятельности | C21: 105230 | D21: 0 | E21: 0 | F21: 0
B22: 1.2. Субсидии (гранты в форме субсидий) на развитие сельского туризма (стр. 105310 + 105320) | C22: 105300 | D22: =IF(D23="-",0,D23)+IF(D24="-",0,D24) | E22: =IF(E23="-",0,E23)+IF(E24="-",0,E24) | F22: =IF(F23="-",0,F23)+IF(F24="-",0,F24)
B23: грант «Агротуризм» | C23: 105310 | D23: 0 | E23: 0 | F23: 0
B24: на финансовое обеспечение (возмещение) части затрат, связанных с приобретением имущества и выполнением работ (услуг) с целью развития сельского туризма | C24: 105320 | D24: 0 | E24: 0 | F24: 0

Sheet Раздел 10-6
B2: Раздел 10-6. Государственная поддержка инвестиционной деятельности в АПК
B4: Направления инвестирования | C4: Коды | D4: Перечислено субсидий на условиях софинансирования из федерального бюджета | E4: Перечислено субсидий из регионального бюджета без софинансирования из федерального бюджета | F4: СПРАВОЧНО: средства местных бюджетов, полученных организациями АПК по соглашениям получателя с органами местного самоуправления
B5: 1 | C5: 2 | D5: 3 | E5: 4 | F5: 5
B6: Программы и мероприятия в области поддержки инвестиционной деятельности в АПК всего (стр. 106100 + 106200 + 106230 +106250 + 106260 + 106270 + 106275 + 106300) | C6: 106000 | D6: =IF(D7="-",0,D7)+IF(D13="-",0,D13)+IF(D30="-",0,D30)+IF(D31="-",0,D31)+IF(D36="-",0,D36)+IF(D39="-",0,D39)+IF(D40="-",0,D40) | E6: =IF(E7="-",0,E7)+IF(E13="-",0,E13)+IF(E31="-",0,E31)+IF(E41="-",0,E41) | F6: =IF(F7="-",0,F7)+IF(F13="-",0,F13)+IF(F31="-",0,F31)+IF(F41="-",0,F41)
B7: 1. Субсидии на возмещение части затрат на уплату процентов по инвестиционным кредитам (займам) в АПК (стр. 106110 + 106120 + 106130 + 106140 + 106190) | C7: 106100 | D7: =IF(D8="-",0,D8)+IF(D9="-",0,D9)+IF(D10="-",0,D10)+IF(D11="-",0,D11)+IF(D12="-",0,D12) | E7: =IF(E8="-",0,E8)+IF(E9="-",0,E9)+IF(E10="-",0,E10)+IF(E11="-",0,E11)+IF(E12="-",0,E12) | F7: =IF(F8="-",0,F8)+IF(F9="-",0,F9)+IF(F10="-",0,F10)+IF(F11="-",0,F11)+IF(F12="-",0,F12)
B8: направления инвестирования в области производства продукции растениеводства | C8: 106110 | D8: 0 | E8: 0 | F8: 0
B9: направления инвестирования в области производства продукции животноводства | C9: 106120 | D9: 0 | E9: 0 | F9: 0
B10: направления инвестирования в области переработки продукции растениеводства и животноводства | C10: 106130 | D10: 0 | E10: 0 | F10: 0
B11: направления инвестирования в области хранения и логистического обеспечения растениеводства и животноводства | C11: 106140 | D11: 0 | E11: 0 | F11: 0
B12: прочие направления инвестирования, не включенные в другие группировки | C12: 106190 | D12: 0 | E12: 0 | F12: 0
B13: 2. На возмещение части прямых понесенных затрат на создание и (или) модернизацию объектов АПК, а также на приобретение и ввод в эксплуатацию маркировочного оборудования для внедрения обязательной маркировки отдельных видов молочной продукции (стр. 106211 + 106212 + 106213 + 106214 + 106215 + 106216 + 106217 + 106218 + 106219 + 106220 + 106221 + 106222 + 106223 + 106224 + 106225 + 106229) | C13: 106200 | D13: =IF(D14="-",0,D14)+IF(D15="-",0,D15)+IF(D16="-",0,D16)+IF(D17="-",0,D17)+IF(D18="-",0,D18)+IF(D19="-",0,D19)+IF(D20="-",0,D20)+IF(D21="-",0,D21)+IF(D23="-",0,D23)+IF(D24="-",0,D24)+IF(D25="-",0,D25)+IF(D26="-",0,D26)+IF(D27="-",0,D27)+IF(D28="-",0,D28) | E13: =IF(E14="-",0,E14)+IF(E15="-",0,E15)+IF(E16="-",0,E16)+IF(E17="-",0,E17)+IF(E18="-",0,E18)+IF(E19="-",0,E19)+IF(E20="-",0,E20)+IF(E21="-",0,E21)+IF(E22="-",0,E22)+IF(E23="-",0,E23)+IF(E24="-",0,E24)+IF(E25="-",0,E25)+IF(E26="-",0,E26)+IF(E27="-",0,E27)+IF(E28="-",0,E28)+IF(E29="-",0,E29) | F13: =IF(F14="-",0,F14)+IF(F15="-",0,F15)+IF(F16="-",0,F16)+IF(F17="-",0,F17)+IF(F18="-",0,F18)+IF(F19="-",0,F19)+IF(F20="-",0,F20)+IF(F21="-",0,F21)+IF(F22="-",0,F22)+IF(F23="-",0,F23)+IF(F24="-",0,F24)+IF(F25="-",0,F25)+IF(F26="-",0,F26)+IF(F27="-",0,F27)+IF(F28="-",0,F28)+IF(F29="-",0,F29)
B14: животноводческие комплексы молочного направления (молочные фермы) | C14: 106211 | D14: 0 | E14: 0 | F14: 0
B15: селекционно-семеноводческие центры в растениеводстве (за исключением указанных центров в Дальневосточном федеральном округе) | C15: 106212 | D15: 0 | E15: 0 | F15: 0
B16: селекционно-питомниководческие центры в виноградарстве | C16: 106213 | D16: 0 | E16: 0 | F16: 0
B17: льно-, пенькоперерабатывающие предприятия | C17: 106214 | D17: 0 | E17: 0 | F17: 0
B18: хранилища | C18: 106215 | D18: 0 | E18: 0 | F18: 0
B19: селекционно-генетические центры в птицеводстве (участники Федеральной научно-технической программы) | C19: 106216 | D19: 0 | E19: 0 | F19: 0
B20: овцеводческие комплексы (фермы) мясного направления | C20: 106217 | D20: 0 | E20: 0 | F20: 0
B21: мощности по производству сухих молочных продуктов для детского питания и компонентов для них | C21: 106218 | D21: 0 | E21: 0 | F21: 0
B22: тепличные комплексы для производства овощей в защищенном грунте | C22: 106219 | D22: Х | E22: 0 | F22: 0
B23: оптово-распределительные центры | C23: 106220 | D23: 0 | E23: 0 | F23: 0
B24: репродукторы первого порядка для производства родительских форм птицы яичного и мясного направлений продуктивности | C24: 106221 | D24: 0 | E24: 0 | F24: 0
B25: репродукторы второго порядка для производства инкубационного яйца финального гибрида птицы яичного и мясного направлений продуктивности | C25: 106222 | D25: 0 | E25: 0 | F25: 0
B26: объекты по производству кормов для аквакультуры | C26: 106223 | D26: 0 | E26: 0 | F26: 0
B27: маркировочное оборудование для маркировки отдельных видов молочной продукции | C27: 106224 | D27: 0 | E27: 0 | F27: 0
B28: питомник по выращиванию рыбопосадочного материала лососевых видов рыб | C28: 106225 | D28: 0 | E28: 0 | F28: 0
B29: прочие направления | C29: 106229 | D29: Х | E29: 0 | F29: 0
B30: 3. На возмещение части прямых понесенных затрат на создание и модернизацию хранилищ картофеля и овощей в рамках федерального проекта «Развитие овощеводства и картофелеводства» | C30: 106230 | D30: 0 | E30: Х | F30: Х
B31: 4. На возмещение части прямых понесенных затрат на создание и модернизацию объектов по переработке сельскохозяйственной продукции (стр. 106251 + 106252 + 106253 + 106254) | C31: 106250 | D31: =IF(D32="-",0,D32)+IF(D33="-",0,D33)+IF(D34="-",0,D34)+IF(D35="-",0,D35) | E31: =IF(E32="-",0,E32)+IF(E33="-",0,E33)+IF(E34="-",0,E34)+IF(E35="-",0,E35) | F31: =IF(F32="-",0,F32)+IF(F33="-",0,F33)+IF(F34="-",0,F34)+IF(F35="-",0,F35)
B32: по глубокой переработке зерна | C32: 106251 | D32: 0 | E32: 0 | F32: 0
B33: по переработке масличных культур | C33: 106252 | D33: 0 | E33: 0 | F33: 0
B34: по переработке и консервированию рыбы, ракообразных и моллюсков | C34: 106253 | D34: 0 | E34: 0 | F34: 0
B35: по производству сухих молочных продуктов | C35: 106254 | D35: 0 | E35: 0 | F35: 0
B36: 5. Субсидии на возмещение части прямых понесённых затрат на создание и (или) модернизацию тепличных комплексов для производства овощей в защищенном грунте и селекционно-семеноводческих центров в Дальневосточном федеральном округе (стр. 106261 + 106262) | C36: 106260 | D36: =IF(D37="-",0,D37)+IF(D38="-",0,D38) | E36: Х | F36: Х
B37: тепличные комплексы для производства овощей в защищенном грунте | C37: 106261 | D37: 0 | E37: Х | F37: Х
B38: селекционно-семеноводческие центры в растениеводстве | C38: 106262 | D38: 0 | E38: Х | F38: Х
B39: 6. Субсидии по возмещению части затрат организаций на проведение научно-исследовательских и опытно-конструкторских работ и (или) опытно-конструкторских работ в рамках реализации такими организациями инновационно-технологических проектов | C39: 106270 | D39: 0 | E39: Х | F39: Х
B40: 7. Субсидии на создание и (или) модернизацию объектов агропромышленного комплекса по производству критически важных препаратов, пищевых и кормовых добавок, технологических вспомогательных средств | C40: 106275 | D40: 0 | E40: Х | F40: Х
B41: 8. Субсидии на техническое перевооружение средств производства (стр. 106313 + 106314 + 106315 + 106316 + 106317 + 106318 + 106319) | C41: 106300 | D41: Х | E41: =IF(E42="-",0,E42)+IF(E43="-",0,E43)+IF(E44="-",0,E44)+IF(E45="-",0,E45)+IF(E46="-",0,E46)+IF(E47="-",0,E47)+IF(E48="-",0,E48) | F41: =IF(F42="-",0,F42)+IF(F43="-",0,F43)+IF(F44="-",0,F44)+IF(F45="-",0,F45)+IF(F46="-",0,F46)+IF(F47="-",0,F47)+IF(F48="-",0,F48)
B42: из них: на технику и оборудование по оснащению молочно-товарных ферм | C42: 106313 | D42: Х | E42: 0 | F42: 0
B43: на технику и оборудование по переработке молока | C43: 106314 | D43: Х | E43: 0 | F43: 0
B44: на технику и оборудование для мясного скотоводства, овцеводства, козоводства, птицеводства | C44: 106315 | D44: Х | E44: 0 | F44: 0
B45: на технику и оборудование по переработке мяса | C45: 106316 | D45: Х | E45: 0 | F45: 0
B46: на технику и оборудование при производстве продукции растениеводства | C46: 106317 | D46: Х | E46: 0 | F46: 0
B47: на иные направления (без учета лизинга) | C47: 106318 | D47: Х | E47: 0 | F47: 0
B48: на приобретение техники и оборудования в лизинг | C48: 106319 | D48: Х | E48: 0 | F48: 0

Sheet Раздел 10-7
B2: Раздел 10-7. Государственная поддержка, предоставленная в рамках других государственных программ и прочих мероприятий
B4: Наименование | C4: Коды | D4: Перечислено субсидий на условиях софинансирования из федерального бюджета | E4: Перечислено субсидий из регионального бюджета без софинансирования из федерального бюджета | F4: СПРАВОЧНО: средства местных бюджетов, полученных организациями АПК по соглашениям получателя с органами местного самоуправления
B5: 1 | C5: 2 | D5: 3 | E5: 4 | F5: 5
B6: 1. Государственная программа эффективного вовлечения в оборот земель сельскохозяйственного назначения и развития мелиоративного комплекса Российской Федерации (стр. 107110 + 107120) | C6: 107100 | D6: =IF(D7="-",0,D7)+IF(D8="-",0,D8) | E6: =IF(E7="-",0,E7)+IF(E8="-",0,E8) | F6: =IF(F7="-",0,F7)+IF(F8="-",0,F8)
B7: субсидии на проведение мелиоративных мероприятий | C7: 107110 | D7: 0 | E7: 0 | F7: 0
B8: субсидии на подготовку проектов межевания земельных участков и на проведение кадастровых работ | C8: 107120 | D8: 0 | E8: 0 | F8: 0
B9: 2. Государственная программа «Комплексное развитие сельских территорий» | C9: 107200 | D9: 0 | E9: 0 | F9: 0
B10: 3. Субсидии на возмещение убытков по чрезвычайным ситуациям (стр. 107410 + 107420 + 107430) | C10: 107400 | D10: =IF(D11="-",0,D11)+IF(D12="-",0,D12)+IF(D13="-",0,D13) | E10: =IF(E11="-",0,E11)+IF(E12="-",0,E12)+IF(E13="-",0,E13) | F10: =IF(F11="-",0,F11)+IF(F12="-",0,F12)+IF(F13="-",0,F13)
B11: в том числе: в растениеводстве | C11: 107410 | D11: 0 | E11: 0 | F11: 0
B12: в животноводстве | C12: 107420 | D12: 0 | E12: 0 | F12: 0
B13: по прочим направлениям сельского хозяйства, а также выплаты личным подсобным хозяйствам | C13: 107430 | D13: 0 | E13: 0 | F13: 0
B14: 4. Прочие субсидии, не включенные в другие группировки (без участия средств федерального бюджета) (стр. 107510 + 107520 + 107590) | C14: 107500 | D14: Х | E14: =IF(E15="-",0,E15)+IF(E16="-",0,E16)+IF(E17="-",0,E17) | F14: =IF(F15="-",0,F15)+IF(F16="-",0,F16)+IF(F17="-",0,F17)
B15: субсидии на закупку сельскохозяйственной продукции (сырья) | C15: 107510 | D15: Х | E15: 0 | F15: 0
B16: субсидии гражданам, ведущим личное подсобное хозяйство | C16: 107520 | D16: Х | E16: 0 | F16: 0
B17: прочие субсидии, не включенные в другие группировки (стр. 107591 + 107592 + 107593 + 107594 + 107599) | C17: 107590 | D17: Х | E17: =IF(E18="-",0,E18)+IF(E19="-",0,E19)+IF(E20="-",0,E20)+IF(E21="-",0,E21)+IF(E22="-",0,E22) | F17: =IF(F18="-",0,F18)+IF(F19="-",0,F19)+IF(F20="-",0,F20)+IF(F21="-",0,F21)+IF(F22="-",0,F22)
B18: в том числе: субсидии на предоставление консультационных услуг | C18: 107591 | D18: Х | E18: 0 | F18: 0
B19: субсидирование услуг по продвижению и маркетингу сельскохозяйственной продукции, включая доставку и транспортировку сельхозпродукции | C19: 107592 | D19: Х | E19: 0 | F19: 0
B20: субсидии в области охраны окружающей среды производителям сельскохозяйственной продукции | C20: 107593 | D20: Х | E20: 0 | F20: 0
B21: программы по финоздоровлению сельскохозяйственных товаропроизводителей | C21: 107594 | D21: Х | E21: 0 | F21: 0
B22: прочие | C22: 107599 | D22: Х | E22: 0 | F22: 0
B23: 5. Субсидии в рамках отдельных направлений поддержки (мероприятия в рамках отдельных федпроектов) (стр. 107620 + 107630 + 107640) | C23: 107600 | D23: =IF(D24="-",0,D24)+IF(D25="-",0,D25)+IF(D26="-",0,D26) | E23: =IF(E24="-",0,E24)+IF(E25="-",0,E25)+IF(E26="-",0,E26) | F23: =IF(F24="-",0,F24)
B24: субсидии на реализацию мероприятий по содействию повышения кадровой обеспеченности предприятий АПК | C24: 107620 | D24: 0 | E24: 0 | F24: 0
B25: субсидии на создание системы поддержки образовательных организаций, реализующих образовательные программы среднего профессионального образования для подготовки кадров агропромышленного комплекса (грант Агропрофи) | C25: 107630 | D25: 0 | E25: 0 | F25: Х
B26: субсидии на возмещение части затрат, понесенных заказчиками комплексных научно-технических проектов в агропромышленном комплексе при их реализации | C26: 107640 | D26: 0 | E26: 0 | F26: Х
B27: 6. Средства, полученные от Минсельхоза России по прямым соглашениям получателей, всего (стр. 107710 + 107720) | C27: 107700 | D27: =IF(D28="-",0,D28)+IF(D29="-",0,D29) | E27: Х | F27: Х
B28: субсидии на транспортировку сельскохозяйственной продукции, полученные в рамках соглашений с Российским экспортным центром | C28: 107710 | D28: 0 | E28: Х | F28: Х
B29: субсидии в целях компенсации части затрат, связанных с сертификацией продукции АПК на внешних рынках | C29: 107720 | D29: 0 | E29: Х | F29: Х
B30: 7. Средства, полученные в рамках иных Государственных программ, мероприятий, выплаты из внебюджетных фондов | C30: 107800 | D30: 0 | E30: 0 | F30: Х
B31: СПРАВОЧНО: Субсидии, предоставленные организации на территории других субъектов Российской Федерации | C31: 107940 | D31: 0 | E31: 0 | F31: 0
B33: Руководитель (иное уполномоченное лицо)
C34: (подпись) | E34: (расшифровка подписи)
B35: Главный бухгалтер
B36: (при наличии) | C36: (подпись) | E36: (расшифровка подписи)
B38: « » ________________________ 20 ___ г.
